 Dungeon Crawl Stone Soup version 0.19-a0-1320-g0178847 (webtiles) character file.

14481348 p0werm0de the Slayer (level 27, 237/237 (238) HPs)
             Began as a Demonspawn Wanderer on Aug 23, 2016.
             Was the Champion of Kikubaaqudgha.
             Escaped with the Orb
             ... and 15 runes on Aug 31, 2016!
             The game lasted 06:32:02 (109358 turns).

p0werm0de the Slayer (Demonspawn Wanderer)        Turns: 109358, Time: 06:32:02

HP:   237/237 (238) AC: 51    Str: 26      XL:     27
MP:   24/49         EV: 35    Int: 25 (27) God:    Kikubaaqudgha [******]
Gold: 6958          SH:  0    Dex: 26      Spells: 17 memorised, 6 levels left

rFire  + + +     SeeInvis .     a - +9 lajatang (speed)
rCold  + + +     Gourm    .     v - +10 shadow dragon armour
rNeg   + . .     Faith    .     (shield currently unavailable)
rPois  +         Spirit   .     s - +2 hat {MR+}
rElec  +         Dismiss  .     Q - +2 cloak {+Inv}
rCorr  +         Reflect  .     X - +2 pair of gloves
MR     ++++.     Harm     .     (boots unavailable)
Stlth  ++++......               A - amulet of Odwuz {rF- MR+ Regen+ Int+10 Slay+3}
                                Y - ring "Nuosynax" {rF++ AC+2 Str-2 Int-4 Slay+3}
                                x - ring "Nolydeac" {rElec rF+ rC+ Str+2, !R}

@: mighty, brilliant, agile, swift, death channel, resistant, singing, flying,
very slightly contaminated, regenerating, hasted, repel missiles, invisible,
very quick
A: talons 3, thin skeletal structure 3, cold resistance 1, icemail, negative
energy resistance 1, spiny 3, 50% torment resistance, black mark, freezing cloud
immunity
a: Receive Corpses, Torment, Renounce Religion, Stop Singing
0: Orb of Zot
}: 15/15 runes: serpentine, barnacled, slimy, silver, golden, iron, obsidian,
icy, bone, abyssal, demonic, glowing, magical, fiery, dark


You escaped.
You worshipped Kikubaaqudgha.
Kikubaaqudgha was exalted by your worship.
You were not hungry.

You visited 17 branches of the dungeon, and saw 88 of its levels.
You visited Pandemonium 1 time, and saw 19 of its levels.
You visited the Abyss 3 times.
You visited 2 bazaars.
You also visited: Ice Cave and Wizlab.

You collected 12064 gold pieces.
You spent 5106 gold pieces at shops.

Inventory:

Hand Weapons
 a - a +9 lajatang of speed (weapon)
 b - a +9 quick blade of pain
 c - the +5 demon whip "Spellbinder" {antimagic, MR+}
   (You bought it in a shop in a bazaar)

   It reduces the magical energy of the wielder, and disrupts the spells and
   magical abilities of those hit.
   Natural abilities and divine invocations are not affected.
   It affects your resistance to hostile enchantments.
 G - the +4 staff of Dispater
   (You took it off Dispater on level 7 of the Iron City of Dis)
Missiles
 I - 12 throwing nets (quivered)
Armour
 j - a +10 plate armour of fire resistance
 s - a +2 hat of magic resistance (worn)
 v - a +10 shadow dragon armour (worn)
 z - the +2 cloak of Tender Moments {rN+++ MP+9 Dex-4 SInv}
   (You found it on level 3 of the Tomb of the Ancients)

   It affects your dexterity (-4).
   It renders you almost immune to negative energy.
   It affects your magic capacity (+9).
   It lets you see invisible.
 Q - a +2 cloak of invisibility (worn)
 X - a +2 pair of gloves (worn)
Jewellery
 i - the amulet of the Air {Inacc +Fly rElec EV+5 RMsl}
   (You found it on level 1 of the Depths)

   [amulet of inaccuracy]

   It reduces the accuracy of all your attacks.
   It affects your evasion (+5).
   It insulates you from electricity.
   It lets you fly.
   It protects you from missiles.
 x - the ring "Nolydeac" (left hand) {rElec rF+ rC+ Str+2, !R}
   (You acquired it in Pandemonium)

   [ring of strength]

   It affects your strength (+2).
   It protects you from fire.
   It protects you from cold.
   It insulates you from electricity.
 y - the ring "Ixzukaca" {Ice rPois rN++ Str+5}
   (You found it on level 7 of Gehenna)

   [ring of ice]

   It enhances your ice magic.
   It affects your strength (+5).
   It makes you vulnerable to fire.
   It protects you from cold.
   It protects you from poison.
   It greatly protects you from negative energy.
 A - the amulet of Odwuz (around neck) {rF- MR+ Regen+ Int+10 Slay+3}
   (You found it on level 1 of the Realm of Zot)

   [amulet of regeneration]

   It affects your intelligence (+10).
   It affects your accuracy and damage with ranged weapons and melee attacks
   (+3).
   It makes you vulnerable to fire.
   It affects your resistance to hostile enchantments.
   It increases your rate of regeneration.
 V - the ring of Satisfaction {Wiz +Blink rC++ rN+ MR-}
   (You found it on level 7 of the Iron City of Dis)

   [ring of wizardry]

   It improves your spell success rate.
   It greatly protects you from cold.
   It protects you from negative energy.
   It affects your resistance to hostile enchantments.
   It lets you blink.
 Y - the ring "Nuosynax" (right hand) {rF++ AC+2 Str-2 Int-4 Slay+3}
   (You found it on level 7 of Gehenna)

   [ring of protection]

   It affects your AC (+2).
   It affects your strength (-2).
   It affects your intelligence (-4).
   It affects your accuracy and damage with ranged weapons and melee attacks
   (+3).
   It greatly protects you from fire.
Wands
 f - a wand of heal wounds (5/9)
 H - a wand of hasting (1/9)
 K - a wand of digging (6/24)
 L - a wand of teleportation (3/9)
Scrolls
 e - 4 scrolls of magic mapping
 k - 2 scrolls of teleportation
 u - 6 scrolls of recharging
 w - 40 scrolls of remove curse
 B - 3 scrolls of blinking
 C - 8 scrolls of fog
 N - 2 scrolls of identify
 O - 3 scrolls of summoning
 S - 6 scrolls of fear
Potions
 d - 6 potions of heal wounds
 h - 3 potions of magic
 l - 5 potions of resistance
 q - a potion of cure mutation
 t - 12 potions of curing
 E - 5 potions of might
 F - 9 potions of flight
 J - 11 potions of agility
 M - a potion of haste
 T - 2 potions of cancellation
 W - 3 potions of invisibility
 Z - 5 potions of brilliance
Miscellaneous
 m - 6 phantom mirrors
 n - 7 boxes of beasts
 o - 3 sacks of spiders
 p - a lamp of fire
 r - a disc of storms
 D - a phial of floods
 P - a fan of gales
 U - the horn of Geryon
Comestibles
 g - 12 bread rations


   Skills:
 - Level 24.0 Fighting
 - Level 10.0 Short Blades
 - Level 16.0(19.3) Maces & Flails
 - Level 18.5(20.5) Staves
   Level 1.0 Crossbows
 - Level 1.0 Throwing
 - Level 21.2 Armour
 - Level 24.0 Dodging
 - Level 15.6 Stealth
 - Level 22.0 Spellcasting
 - Level 1.0 Conjurations
 - Level 13.0 Charms
 * Level 17.6 Necromancy
 - Level 19.3 Translocations
 - Level 16.1 Ice Magic
 - Level 9.8 Air Magic
 - Level 13.0 Evocations


You had 6 spell levels left.
You knew the following spells:

 Your Spells              Type           Power        Failure   Level  Hunger
a - Apportation           Tloc           #######...   0%          1    None
b - Blink                 Tloc           N/A          0%          2    None
c - Simulacrum            Ice/Necr       #######...   1%          6    None
d - Regeneration          Chrm/Necr      #######...   1%          3    None
e - Haste                 Chrm           #######.     1%          6    None
f - Passwall              Tmut/Erth      #####.....   1%          2    None
g - Animate Dead          Necr           N/A          1%          4    None
h - Swiftness             Chrm/Air       #######.     1%          2    None
i - Repel Missiles        Chrm/Air       ######       1%          2    None
j - Control Undead        Necr           #######...   1%          4    None
k - Freezing Cloud        Conj/Ice/Air   ######....   2%          6    None
l - Summon Butterflies    Summ           #####...     1%          1    None
q - Cigotuvi's Embrace    Necr           #######...   1%          5    None
s - Song of Slaying       Chrm           #######.     1%          2    None
w - Death Channel         Necr           #######...   1%          6    None
x - Passage of Golubria   Tloc           N/A          0%          4    None
y - Controlled Blink      Tloc           N/A          1%          8    #####..


Dungeon Overview and Level Annotations

Branches:
Dungeon (15/15)            Temple (0/1) D:6            Lair (6/6) D:11
 Shoals (4/4) Lair:2        Snake (4/4) Lair:3        Slime (5/5) Lair:5
    Orc (2/2) D:12            Elf (2/3) Orc:2        Vaults (5/5) D:14
  Crypt (3/3) Vaults:3       Tomb (3/3) Crypt:3      Depths (5/5) D:15
   Hell (1/1)                 Dis (7/7) Hell            Geh (7/7) Hell
    Coc (7/7) Hell            Tar (7/7) Hell            Zot (5/5) Depths:5

Altars:
Dithmenos
Elyvilon
Hepliaklqana
Kikubaaqudgha
Nemelex Xobeh
Qazlal
Ru
Sif Muna
Trog
Uskayaw
Xom
Yredelemnul
Zin
Beogh
Jiyva

Shops:
D:13 ?   Orc:1 }   Orc:2 *:([   Elf:1 :%*(   Shoals:1 }   Snake:1 (   Snake:3 !

Portals:
Hell: Depths:1 Depths:2 Depths:3 Depths:4 Depths:5
Abyss: Depths:3 Depths:4 Depths:5
Pandemonium: Depths:1 Depths:3 Depths:5
Ziggurat: D:1 Depths:4
Trove: Vaults:2 (show abyssal rune of Zot)

Annotations:
Coc:7 exclusion: 2 ice statues


Innate Abilities, Weirdness & Mutations

You have claws for feet.
You have an unnaturally thin skeletal structure. (Dex +6, Stealth++)
Your flesh is cold resistant. (rC+)
A meltable icy envelope protects you from harm. (AC +10)
You resist negative energy. (rN+)
You are completely covered in sharp spines.
You are somewhat able to resist unholy torments (1 in 2 success).
Your melee attacks may debilitate your foes.
You are immune to freezing clouds.


Message History

Casting: Regeneration
Confirm with . or Enter, or press ? or * to list all spells.
You feel quick. Kikubaaqudgha delivers you corpses!
You feel somewhat more hungry. Kikubaaqudgha delivers you corpses!
You feel somewhat more hungry. Kikubaaqudgha delivers you corpses!
You feel somewhat more hungry.
Okay, then.
Okay, then.
Evoke which item? (* to show all) (? for menu, Esc to quit)
You can't place a gateway to a ziggurat here.
You see here a scorpion corpse.
Evoke which item? (* to show all) (? for menu, Esc to quit)
You set the figurine down, and a mystic portal to a ziggurat forms.
There is a staircase leading out of the dungeon here.
Things that are here:
a hobgoblin corpse; a jackal corpse; an adder corpse You have escaped!

.#.........#....#....#........##
.#.........######....#..#.....#
.+..............'.....>.#.....#
.#####.......####.............# #
.#####.......# #.....#..###### #
.#.....###...# #.....#..########
.).....####### #####............
.........###############.........
.........#.....∩@†.....#.........
..####...#.....†††.....#.÷)......
..####...##...#####...##.#.......
.........##...## ##...#........#.
.........###...# #...##.###....#.
...........#...###...#..# #......
......##...##...#...##..# #....##
......'.....#...#...##..# #......
......##....##.....###..# #...###


There were no monsters in sight!

Vanquished Creatures
  Asmodeus (Geh:7)
  the Royal Jelly (Slime:5)
  Ereshkigal (Tar:7)
  Lom Lobon (Pan)
  Gloorx Vloq (Pan)
  Mnoleg (Pan)
  16 ancient liches
  3 orbs of fire (Zot:5)
  Mara (Shoals:4)
  Mennas (Depths:3)
  33 greater mummies
  Sojobo (Vaults:4)
  Boris (twice) (Crypt:2 Crypt:3)
  4 shard shrikes (Coc:7)
  Margery (Vaults:3)
  2 Killer Klowns
  Saint Roka (Crypt:1)
  Geryon (Hell)
  4 caustic shrikes
  12 golden dragons
  2 curse toes
  Nikola (Shoals:3)
  Jory (Depths:3)
  4 bone dragons
  A profane servitor (Abyss:3)
  3 doom hounds
  15 Tzitzimimeh
  6 electric golems
  13 Brimstone Fiends
  8 Hell Sentinels
  Jorgrun (Depths:3)
  16 Orb Guardians
  14 Ice Fiends
  2 hellephants (Abyss:3)
  8 liches
  21 tentacled monstrosities
  6 titans
  2 quicksilver dragons (Dis:7)
  A kraken (Shoals:1)
  The ghost of Gruesome the Sensei, an adept OpMo of Cheibriados (Vaults:5)
  A deep elf master archer (Depths:3)
  16 Executioners
  10 death cobs
  20 acid blobs
  Frances (Shoals:1)
  12 shadow dragons
  16 tentacled starspawn
  2 eldritch tentacles
  6 sphinxes
  7 ancient champions
  19 storm dragons
  Kirke (Shoals:2)
  14 tengu reavers
  52 large abominations
  8 greater nagas
  A storm dragon (shapeshifter) (Depths:3)
  2 pandemonium lords (Pan)
  Ilsuiw (Shoals:4)
  9 draconian monks
  6 daevas (Pan)
  22 fire giants
  3 deep elf sorcerers
  15 vault wardens
  3 blood saints (Pan)
  5 azure jellies
  2 draconian knights
  2 draconian scorchers (Zot:2)
  6 iron dragons
  3 ghost moths
  Aizul (Snake:2)
  21 frost giants
  Louise (Shoals:1)
  25 balrugs
  A juggernaut zombie (Depths:4)
  4 black suns (Pan)
  4 curse skulls
  11 angels (Pan)
  2 orc warlords
  4 draconian shifters
  4 deep elf elementalists
  5 warmongers (Pan)
  6 cacodemons
  11 draconian zealots
  A ghoul (Crypt:2)
  3 elemental wellsprings (Coc:7)
  2 spriggan defenders (Depths:4)
  15 stone giants
  27 reapers
  7 draconian annihilators
  27 war gargoyles
  18 ironheart preservers
  5 black draconians
  4 corrupters (Pan)
  6 bennus
  4 deep elf demonologists
  30 very ugly things
  3 apis (Pan)
  6 ophanim (Pan)
  2 entropy weavers
  8 green draconians
  6 vampire knights
  2 draconian callers
  3 deep elf annihilators
  The ghost of FrancescoMac the Bringer of Light, a journeyman MiFi of the Shining One (Shoals:1)
  11 yellow draconians
  10 white draconians
  6 mottled draconians
  15 red draconians
  5 spark wasps
  9 lorocyprocas
  Azrael (Orc:2)
  14 purple draconians
  2 deep elf death magi
  5 green deaths
  5 merfolk javelineers
  23 mummy priests
  12 merfolk impalers
  4 crystal guardians
  15 ettins
  A death ooze (Slime:5)
  16 blizzard demons
  3 kraken zombies
  2 jiangshi (Crypt:1)
  A fire dragon (shapeshifter) (Vaults:4)
  6 eidola
  A quicksilver dragon zombie (WizLab)
  30 vault guards
  5 deep elf high priests
  Harold (D:11)
  23 fire dragons
  5 great orbs of eyes
  The ghost of Coyotero the Blocker, a journeyman GrFi of Uskayaw (Lair:4)
  7 hydras
  13 yaktaur captains
  7 rakshasas
  6 hell beasts
  4 quicksilver dragon skeletons
  A juggernaut simulacrum (Depths:3)
  9 spriggan air magi
  36 ice dragons
  23 naga warriors
  A ghost crab (Tar:7)
  3 monstrous demonspawn (Pan)
  14 centaur warriors
  2 alligator snapping turtles
  5 anacondas
  2 catoblepae
  Erica (D:9)
  An anaconda (shapeshifter) (Vaults:4)
  9 deep troll shamans
  6 merfolk aquamancers
  3 merfolk avatars
  37 dancing weapons
  3 death knights
  17 ogre magi
  7 death yaks
  5 satyrs
  5 tengu warriors
  8 vampire magi
  A queen ant (Lair:2)
  56 death scarabs
  The ghost of 4thArraOfDagon the Arsonist, a journeyman DEFE of Sif Muna (D:12)
  15 hell hogs
  A death yak (shapeshifter) (Depths:3)
  A hellephant zombie (Crypt:1)
  The ghost of Ferkelamun the Nimble, a journeyman SpEn of Hepliaklqana (D:11)
  15 iron golems
  6 naga sharpshooters (Snake:4)
  16 deep troll earth magi
  A shock serpent (shapeshifter) (Depths:3)
  18 soul eaters
  7 spriggan berserkers
  9 titan zombies
  14 shock serpents
  2 orc high priests (Orc:2)
  3 storm dragon zombies
  12 deep elf knights
  35 sun demons
  5 spriggans
  7 thrashing horrors (Abyss:3)
  4 titan skeletons
  28 hell knights
  A fire crab (shapeshifter) (Vaults:4)
  Nergalle (D:10)
  2 storm dragon skeletons
  16 sixfirhies
  An iron troll (shapeshifter) (Depths:3)
  72 skeletal warriors
  11 wretched stars
  3 ghost moth zombies
  7 gelid demonspawn (Pan)
  5 salamander mystics
  A sea snake (shapeshifter) (Depths:3)
  10 cherubim (Pan)
  9 iron trolls
  3 spatial maelstroms (Abyss:3)
  18 shadow wraiths
  10 flayed ghosts
  14 sea snakes
  5 anaconda zombies
  A death drake (Tar:7)
  4 golden dragon zombies
  2 giant orange brains
  6 infernal demonspawn (Pan)
  10 naga ritualists
  6 unseen horrors
  8 shadow demons
  35 deep trolls
  11 deep elf archers
  An orange crystal statue (Depths:1)
  A lindwurm (shapeshifter) (Depths:5)
  9 wizards
  13 ironbrand convokers
  4 putrid demonspawn (Pan)
  20 orc knights
  27 removed MONS_ANUBIS_GUARDs
  9 hill giants
  13 harpies
  A harpy (shapeshifter) (Vaults:3)
  2 removed
  MONS_ANUBIS_GUARDs (shapeshifter)
  48 deep elf magi
  12 mana vipers
  17 necromancers
  3 shadow dragon zombies
  A golden dragon skeleton (Crypt:1)
  12 phantasmal warriors
  3 torturous demonspawn (Pan)
  5 anaconda skeletons
  12 griffons
  Pikel (D:5)
  3 hornets
  3 stone giant zombies
  4 fire giant zombies
  A shining eye (shapeshifter) (Depths:3)
  A wolf spider (Vaults:3)
  6 frost giant zombies
  A hornet (shapeshifter) (Elf:2)
  A mana viper (shapeshifter) (Depths:3)
  2 iron dragon zombies
  31 ugly things
  4 tengu zombies
  3 orc sorcerers (Orc:2)
  A griffon (shapeshifter) (Vaults:2)
  2 wolf spider zombies
  14 fauns
  13 salamanders
  A moth of wrath (shapeshifter) (D:15)
  6 manticores
  A stone giant skeleton (Geh:7)
  29 moths of wrath
  7 worldbinders
  2 iron dragon skeletons
  5 cyclopes
  4 frost giant skeletons
  A demonspawn zombie (WizLab)
  11 sirens
  Maurice (D:9)
  10 elephants (Lair:6)
  4 molten gargoyles
  A spriggan zombie (WizLab)
  An elephant (shapeshifter) (Depths:3)
  3 fire giant skeletons
  A cyclops (shapeshifter) (Abyss:3)
  8 guardian serpents
  6 shining eyes
  19 rust devils
  3 centaur zombies
  18 naga magi
  43 black mambas
  2 apocalypse crabs
  A guardian serpent (shapeshifter) (Depths:4)
  14 vault sentinels
  A shock serpent zombie (Dis:7)
  16 spiny frogs
  4 eyes of devastation
  5 gargoyles
  5 ice statues
  A shock serpent skeleton (Abyss:3)
  3 dire elephant zombies
  2 black mambas (shapeshifter)
  2 emperor scorpion zombies (Coc:2)
  19 orange demons
  36 smoke demons
  7 water nymphs
  A catoblepas zombie (Geh:3)
  16 hellions
  A rime drake (shapeshifter) (Abyss:3)
  A komodo dragon (shapeshifter) (Vaults:2)
  8 rime drakes
  A spriggan skeleton (Depths:4)
  An elf skeleton (Depths:2)
  15 hellwings
  39 freezing wraiths
  A kobold demonologist (Abyss:3)
  14 efreet
  12 komodo dragons
  13 demonic crawlers
  3 dire elephant skeletons
  6 anaconda simulacra
  2 yaktaurs (shapeshifter)
  62 yaktaurs
  A golden dragon simulacrum (IceCv)
  39 guardian mummies
  3 ancient zymes
  15 hydra zombies
  28 red devils
  47 ice devils
  24 tormentors
  A red draconian skeleton (Crypt:2)
  4 tengu conjurers
  20 two-headed ogres
  2 giant leeches (Abyss:3)
  5 harpy zombies
  11 trolls
  4 wind drakes
  2 jumping spiders (shapeshifter)
  36 merfolk
  A troll (shapeshifter) (Vaults:1)
  89 slime creatures
  A giant leech (shapeshifter) (Vaults:5)
  12 snapping turtles
  2 harpy skeletons
  8 polar bears (Lair:6)
  2 griffon zombies (Shoals:2)
  27 blink frogs
  A blink frog (shapeshifter) (Depths:2)
  4 hydra skeletons
  8 boulder beetles
  3 fire dragon zombies
  30 raiju
  An elf zombie (WizLab)
  A frost giant simulacrum (Abyss:2)
  3 alligator skeletons
  5 alligator zombies
  A human simulacrum (Vaults:2)
  5 ettin zombies
  A black mamba zombie (Tomb:1)
  5 ice dragon zombies
  93 flying skulls
  24 ynoxinuls
  A yak (shapeshifter) (Abyss:3)
  5 ettin skeletons
  A guardian serpent skeleton (Crypt:2)
  29 water elementals
  3 ice dragon skeletons
  2 redbacks (Vaults:4)
  8 air elementals
  3 humans (shapeshifter)
  11 shadows
  4 fire dragon skeletons
  5 centaur simulacra
  11 ushabtiu
  24 wraiths
  A wyvern (D:12)
  4 dire elephant simulacra
  56 yaks
  A wind drake zombie (Crypt:2)
  2 fire bats (Abyss:3)
  5 basilisks
  A steam dragon (Lair:6)
  Grum (D:11)
  5 hungry ghosts
  4 hogs (Shoals:2)
  13 fire elementals
  A death yak simulacrum (IceCv)
  5 chaos spawn
  11 hippogriffs
  15 neqoxecs
  3 mottled dragons
  A white draconian simulacrum (Coc:7)
  A naga (shapeshifter) (Vaults:5)
  6 harpy simulacra
  15 wargs
  An iron troll simulacrum (IceCv)
  2 deep troll zombies (WizLab)
  60 nagas
  18 water moccasins
  5 spatial vortices (Abyss:3)
  4 spiny frog zombies
  15 soldier ants (Lair:2)
  A soldier ant (shapeshifter) (Vaults:3)
  34 small abominations
  6 hydra simulacra
  13 porcupines
  40 hell hounds
  A sky beast (D:7)
  51 orc warriors
  A ghost crab zombie (Crypt:2)
  5 ice beasts
  A spiny frog skeleton (Coc:2)
  13 black bears
  5 wasps
  72 starcursed masses
  An ettin simulacrum (IceCv)
  4 eyes of draining
  A black bear (shapeshifter) (Abyss:3)
  13 necrophages
  6 phantoms
  An eye of draining (shapeshifter) (D:15)
  A snapping turtle zombie (Crypt:3)
  21 wolves
  2 manticore zombies
  11 centaurs
  61 ogres
  A boggart (Vaults:1)
  A manticore skeleton (Coc:3)
  An ogre (shapeshifter) (Depths:3)
  16 crocodiles
  4 snapping turtle skeletons
  A yaktaur zombie (WizLab)
  A big kobold (D:10)
  2 earth elementals
  A human zombie (WizLab)
  18 giant frogs
  A gnoll sergeant (D:10)
  A glowing shapeshifter simulacrum (Vaults:2)
  A spiny frog simulacrum (Coc:7)
  A wyvern skeleton (D:13)
  A salamander skeleton (Crypt:2)
  3 scorpions
  A raiju zombie (WizLab)
  A warg zombie (Crypt:2)
  A troll zombie (Crypt:3)
  2 hippogriff zombies (Shoals:2)
  A water moccasin skeleton (Crypt:1)
  2 elephant simulacra (IceCv)
  4 killer bees (D:12)
  60 wights
  2 vampire bats (D:2)
  2 howler monkeys
  10 crimson imps
  4 lava snakes (Snake:3)
  3 giant frog zombies
  4 quasits
  4 draconian simulacra (IceCv)
  5 giant frog skeletons
  25 orc priests
  19 hounds
  13 iron imps
  26 orc wizards
  4 centaur skeletons
  6 jellies
  Ijyb (D:3)
  Jessica (D:4)
  6 iguanas
  A basilisk skeleton (Crypt:2)
  36 worker ants
  A hell rat (Coc:7)
  A troll simulacrum (IceCv)
  A killer bee zombie (D:7)
  A wolf simulacrum (IceCv)
  14 removed MONS_SHEEPs
  An ogre zombie (Coc:7)
  A felid skeleton (Crypt:1)
  A hound skeleton (D:3)
  34 mummies
  A howler monkey zombie (D:3)
  A worker ant zombie (D:3)
  Robin (D:3)
  A howler monkey skeleton (Crypt:2)
  10 gnolls
  12 adders
  4 naga simulacra (IceCv)
  An ogre simulacrum (IceCv)
  36 river rats
  5 shadow imps
  37 white imps
  8 ufetubi
  16 oozes
  2 adder zombies
  4 adder skeletons
  A halfling skeleton (Crypt:2)
  An iguana skeleton (Crypt:2)
  A worm (D:3)
  3 dart slugs
  2 giant geckos
  83 orcs
  3 ball pythons
  2 bat skeletons (D:2)
  3 bat zombies (D:2)
  5 giant cockroaches
  19 goblins
  12 hobgoblins
  10 jackals
  18 kobolds
  6 quokkas
  15 bats
  2 giant cockroach zombies (D:3)
  A giant gecko skeleton (D:4)
  A giant gecko zombie (D:3)
  2 giant newts
  A giant newt skeleton (Crypt:1)
  A jackal skeleton (D:4)
  A kobold skeleton (Crypt:2)
  A quokka zombie (D:3)
  10 rats
  2 rat zombies (Crypt:1)
  A crawling corpse (Depths:2)
  A fire vortex (Geh:7)
  3 fungi (Lair:2)
  2 plants
  10 starspawn tentacles
  8 tentacles
4579 creatures vanquished.

Vanquished Creatures (collateral kills)
  Cerebov (Pan)
  Antaeus (Coc:7)
  A seraph (Pan)
  the Serpent of Hell (Geh:7)
  Dispater (Dis:7)
  An orb of fire (Zot:5)
  3 ancient liches
  A greater mummy (Tomb:1)
  Bai Suzhen (Crypt:3)
  A Killer Klown (Zot:5)
  3 iron giants
  An electric golem (Zot:5)
  A doom hound (Tar:7)
  4 Brimstone Fiends
  2 Hell Sentinels (Dis:7)
  A lich (Geh:4)
  10 Orb Guardians (Zot:5)
  2 titans
  3 sphinxes
  A quicksilver dragon (Dis:7)
  Murray (Hell)
  2 ancient champions
  4 shadow dragons
  3 draconian monks (Zot:1)
  3 storm dragons
  A fire giant (Vaults:5)
  6 daevas (Pan)
  A tengu reaver (Vaults:5)
  A draconian knight (Zot:1)
  A vault warden (Vaults:5)
  2 angels (Pan)
  3 balrugs (Pan)
  2 draconian shifters
  2 draconian scorchers
  2 draconian annihilators
  3 reapers (Dis:7)
  A deep elf elementalist (Vaults:5)
  2 ironheart preservers (Vaults:5)
  4 war gargoyles
  An elemental wellspring (Coc:7)
  A very ugly thing (Pan)
  3 ophanim (Pan)
  A black draconian (Zot:4)
  An apis (Pan)
  3 red draconians
  A mottled draconian (Zot:3)
  A purple draconian (Zot:4)
  A yellow draconian (Zot:4)
  A deep elf annihilator (Vaults:5)
  A white draconian (Zot:3)
  An ettin (Vaults:5)
  2 blizzard demons
  A small abomination (Vaults:5)
  A quicksilver dragon zombie (Dis:4)
  2 fire dragons
  A yaktaur captain (Vaults:5)
  2 vault guards (Vaults:5)
  6 death scarabs (Tomb:1)
  3 hell hogs
  4 hell knights
  A shock serpent (Pan)
  7 sun demons
  A soul eater (Hell)
  4 iron golems
  3 iron trolls
  3 skeletal warriors (Hell)
  A golden dragon zombie (Geh:7)
  A cherub (Pan)
  An infernal demonspawn (Pan)
  A putrid demonspawn (Pan)
  A wizard (Pan)
  A deep elf archer (Vaults:5)
  2 necromancers (Hell)
  A torturous demonspawn (Pan)
  4 removed
  MONS_ANUBIS_GUARDs (Tomb:1)
  A phantasmal warrior (Vaults:5)
  An ironbrand convoker (Vaults:5)
  A frost giant zombie (Dis:7)
  An ugly thing (Pan)
  2 moths of wrath
  A shining eye (Slime:5)
  A deep elf mage (Vaults:5)
  A frost giant skeleton (Coc:3)
  A rust devil (Hell)
  A dire elephant zombie (Dis:7)
  An eye of devastation (Slime:5)
  4 smoke demons (Pan)
  3 orange demons
  An efreet (Pan)
  3 tormentors
  4 red devils
  A hellwing (Pan)
  3 guardian mummies
  A harpy skeleton (Geh:5)
  A fire dragon zombie (Crypt:3)
  A hydra skeleton (Coc:7)
  3 flying skulls
  A redback (shapeshifter) (Vaults:5)
  A ynoxinul (Pan)
  A water elemental (Coc:7)
  An ushabti (Tomb:2)
  2 fire elementals (Hell)
  2 chaos spawn (Pan)
  A neqoxec (Pan)
  A large abomination (Pan)
  6 hell hounds (Dis:7)
  An orc warrior (Vaults:5)
  A spiny frog zombie (Coc:7)
  A spiny frog skeleton (Hell)
  3 ogres (Vaults:5)
  A phantom (Geh:4)
  4 iron imps
  A mummy (Tomb:2)
  5 orcs (Vaults:5)
  A crawling corpse (Vaults:5)
225 creatures vanquished.

Vanquished Creatures (others)
  A lich (Tomb:2)
  2 eldritch tentacles
  A fire giant (Depths:4)
  3 draconian knights
  A war gargoyle (Dis:7)
  A merfolk avatar (Abyss:3)
  A dancing weapon (Depths:3)
  10 death scarabs (Tomb:2)
  A hell hog (Dis:5)
  A naga sharpshooter (Snake:2)
  A deep elf knight (Elf:2)
  A skeletal warrior (Coc:7)
  A shadow wraith (Abyss:3)
  A gelid demonspawn (Pan)
  An infernal demonspawn (Pan)
  An anaconda skeleton (Coc:7)
  A black mamba (Snake:2)
  2 smoke demons
  A yaktaur (Depths:2)
  A komodo dragon (Lair:5)
  A catoblepas skeleton (Tomb:2)
  A tormentor (Pan)
  A green draconian skeleton (Tomb:3)
  A harpy zombie (Abyss:3)
  A two-headed ogre (Vaults:3)
  A blink frog (Abyss:2)
  A starcursed mass (Abyss:3)
  19 flying skulls
  A vampire (Abyss:1)
  A water elemental (Coc:7)
  A chaos spawn (Pan)
  2 nagas (Snake:2)
  A warg (Lair:6)
  2 orc warriors (Vaults:5)
  2 black bears (Lair:6)
  A snapping turtle zombie (Tomb:3)
  A small abomination (Abyss:3)
  2 crimson imps
  A quasit (D:5)
  2 orc wizards
  3 mummies (Tomb:2)
  7 ball lightnings (Pan)
  A bush (Lair:6)
  A demonic plant (Abyss:3)
  26 fungi
  3 lurking horrors
  41 plants
  46 starspawn tentacles
  14 tentacles
218 creatures vanquished.

Grand Total: 5022 creatures vanquished

Notes
Turn   | Place    | Note
-------+----------+-------------------------------------------
     0 | D:1      | p0werm0de the Demonspawn Wanderer began the quest for the Orb.
     0 | D:1      | p0werm0de set off with: 4 curare-tipped needles, a +2 blowgun, the Almanac of Conjuration, a +0 hand crossbow, 22 bolts, a +0 robe, a bread ration
     0 | D:1      | Reached XP level 1. HP: 15/15 MP: 2/2
     0 | D:1      | Identified the Almanac of Conjuration
     2 | D:1      | Learned a level 1 spell: Shock
   134 | D:1      | Reached skill level 2 in Fighting
   170 | D:1      | Gained mutation: You have a somewhat thin skeletal structure. (Dex +2, Stealth) [demonic ancestry]
   170 | D:1      | Reached XP level 2. HP: 21/22 MP: 3/3
   988 | D:2      | Reached skill level 3 in Fighting
   988 | D:2      | Gained mutation: You are partially covered in sharp spines. [demonic ancestry]
   988 | D:2      | Reached XP level 3. HP: 29/29 MP: 4/4
  1750 | D:2      | Found an ancient bone altar of Kikubaaqudgha.
  1756 | D:2      | Reached skill level 4 in Fighting
  1756 | D:2      | Gained mutation: Your flesh is cold resistant. (rC+) [demonic ancestry]
  1756 | D:2      | Reached XP level 4. HP: 22/38 MP: 3/5
  1760 | D:2      | Reached skill level 5 in Fighting
  1760 | D:2      | Gained mutation: You are immune to freezing clouds. [demonic ancestry]
  1760 | D:2      | Reached XP level 5. HP: 22/44 MP: 2/6
  1919 | D:2      | Became a worshipper of Kikubaaqudgha
  2423 | D:3      | HP: 4/46 [orc wizard/magic dart (4)]
  2436 | D:3      | HP: 4/46 [orc wizard/magic dart (8)]
  2734 | D:3      | Noticed an ogre
  2885 | D:4      | Reached skill level 6 in Fighting
  2885 | D:4      | Reached XP level 6. HP: 40/52 MP: 5/7
  3011 | D:4      | Found a shadowy altar of Dithmenos.
  3525 | D:4      | Reached skill level 7 in Fighting
  3742 | D:3      | Noticed Ijyb
  3753 | D:3      | Killed Ijyb
  3779 | D:3      | Reached * piety under Kikubaaqudgha
  3779 | D:3      | Identified Kikubaaqudgha's Guide on Stolen Souls (Kikubaaqudgha gifted it to you on level 3 of the Dungeon)
  3779 | D:3      | Received a gift from Kikubaaqudgha
  3783 | D:3      | Reached XP level 7. HP: 59/60 MP: 8/8
  3807 | D:3      | Noticed Robin
  3812 | D:3      | Killed Robin
  4094 | D:3      | Reached skill level 8 in Fighting
  4144 | D:3      | Found a bloodstained altar of Trog.
  4535 | D:4      | Reached ** piety under Kikubaaqudgha
  4673 | D:4      | Noticed Jessica
  4680 | D:4      | Killed Jessica
  4682 | D:4      | Found a deep blue altar of Sif Muna.
  4741 | D:5      | Entered Level 5 of the Dungeon
  4786 | D:5      | Reached skill level 9 in Fighting
  4904 | D:5      | Noticed Pikel
  4918 | D:5      | Killed Pikel
  4918 | D:5      | Reached skill level 10 in Fighting
  4918 | D:5      | Gained mutation: A meltable icy envelope protects you from harm. (AC +10) [demonic ancestry]
  4918 | D:5      | Reached XP level 8. HP: 73/73 MP: 9/9
  5038 | D:5      | Found a sparkling altar of Nemelex Xobeh.
  5505 | D:6      | Reached skill level 1 in Dodging
  5511 | D:6      | Reached skill level 2 in Dodging
  5575 | D:6      | Found a stormy altar of Qazlal.
  5578 | D:6      | Noticed an air elemental
  5598 | D:6      | Reached skill level 3 in Dodging
  5802 | D:6      | Found a staircase to the Ecumenical Temple.
  5826 | D:6      | Found a shimmering altar of Xom.
  6014 | D:7      | Gained mutation: You have sharp toenails. [demonic ancestry]
  6014 | D:7      | Reached XP level 9. HP: 41/79 MP: 10/10
  6018 | D:7      | Reached skill level 4 in Dodging
  6019 | D:7      | Reached *** piety under Kikubaaqudgha
  6019 | D:7      | Identified Kikubaaqudgha's Incunabulum of Black Rituals (Kikubaaqudgha gifted it to you on level 7 of the Dungeon)
  6019 | D:7      | Received a gift from Kikubaaqudgha
  6111 | D:7      | Found a basalt altar of Yredelemnul.
  6163 | D:7      | Paralysed by fainting for 6 turns
  6163 | D:7      | Reached skill level 5 in Dodging
  6217 | D:7      | Found a white marble altar of Elyvilon.
  6419 | D:7      | Reached skill level 6 in Dodging
  6428 | D:7      | Found a hide-covered altar of Uskayaw.
  6561 | D:7      | Gained mutation: Your flesh is heat resistant. (rF+) [mutagenic meat]
  6564 | D:7      | Gained mutation: You are dopey. (Int -2) [mutagenic meat]
  6567 | D:7      | Gained mutation: Your system is resistant to poisons. (rPois) [mutagenic meat]
  6641 | D:7      | Reached skill level 7 in Dodging
  6669 | D:7      | Reached skill level 8 in Dodging
  6934 | D:7      | Learned a level 2 spell: Swiftness
  7342 | D:8      | Gained mutation: You resist negative energy. (rN+) [demonic ancestry]
  7342 | D:8      | Reached XP level 10. HP: 86/86 MP: 11/11
  7420 | D:8      | Found a bloodstained altar of Trog.
  7513 | D:8      | Got a jewelled dagger
  7514 | D:8      | Identified the +5 dagger "Baf Urr" {pierce, +Blink Int+3} (You found it on level 8 of the Dungeon)
  8005 | D:8      | Found a glowing silver altar of Zin.
  8006 | D:8      | Found a hazy altar of Hepliaklqana.
  8282 | D:9      | Reached skill level 9 in Dodging
  8353 | D:9      | Reached **** piety under Kikubaaqudgha
  8378 | D:9      | Reached skill level 10 in Dodging
  8648 | D:9      | Noticed Erica
  8670 | D:9      | Killed Erica
  8761 | D:9      | Learned a level 3 spell: Regeneration
  8766 | D:9      | Learned a level 4 spell: Control Undead
  8908 | D:9      | Noticed Maurice
  8941 | D:9      | Reached skill level 11 in Dodging
  9171 | D:9      | Killed Maurice
  9311 | D:10     | Entered Level 10 of the Dungeon
  9532 | D:10     | Reached XP level 11. HP: 74/92 MP: 12/12
  9554 | D:10     | Reached ***** piety under Kikubaaqudgha
  9631 | D:10     | Reached skill level 12 in Dodging
  9895 | D:10     | Noticed Nergalle
  9913 | D:10     | Killed Nergalle
 10003 | D:10     | Learned a level 2 spell: Passwall
 10498 | D:11     | Noticed a hill giant
 10507 | D:11     | Killed a hill giant
 10580 | D:11     | Noticed Ferkelamun's ghost (journeyman SpEn)
 10610 | D:11     | Killed Ferkelamun's ghost
 10640 | D:11     | Reached skill level 13 in Dodging
 10937 | D:11     | Found a staircase to the Lair.
 11102 | D:11     | Noticed Harold
 11132 | D:11     | Killed Harold
 11267 | D:11     | Noticed Grum
 11284 | D:11     | Killed Grum
 11284 | D:11     | Reached skill level 14 in Dodging
 11534 | Lair:1   | Entered Level 1 of the Lair of Beasts
 11641 | Lair:1   | Gained mutation: You have razor-sharp toenails. [demonic ancestry]
 11641 | Lair:1   | Reached XP level 12. HP: 66/99 MP: 13/13
 12887 | Lair:2   | Noticed an eight-headed hydra
 12899 | Lair:2   | Killed an eight-headed hydra
 12899 | Lair:2   | Reached skill level 15 in Dodging
 13168 | Lair:2   | Reached skill level 1 in Maces & Flails
 13179 | Lair:2   | Found a staircase to the Shoals.
 13191 | Lair:2   | Reached skill level 2 in Maces & Flails
 13400 | Lair:2   | Reached skill level 3 in Maces & Flails
 13415 | Lair:2   | Reached skill level 4 in Maces & Flails
 13503 | Lair:2   | Reached ****** piety under Kikubaaqudgha
 13731 | Lair:2   | Noticed a queen ant
 13763 | Lair:2   | Killed a queen ant
 13763 | Lair:2   | Reached skill level 5 in Maces & Flails
 13870 | Lair:2   | Reached skill level 6 in Maces & Flails
 14431 | Lair:3   | Reached skill level 7 in Maces & Flails
 14690 | Lair:3   | Found a staircase to the Snake Pit.
 14715 | Lair:3   | Gained mutation: You have a moderately thin skeletal structure. (Dex +4, Stealth+) [demonic ancestry]
 14715 | Lair:3   | Reached XP level 13. HP: 105/105 MP: 14/14
 15000 | Lair:3   | Reached skill level 8 in Maces & Flails
 15395 | Lair:4   | Got a creamy pearl robe
 15406 | Lair:4   | Identified the +2 robe of the Midnight Sun {Stlth+} (You found it on level 4 of the Lair of Beasts)
 15524 | Lair:4   | Noticed Coyotero's ghost (journeyman GrFi)
 15797 | Lair:4   | Reached skill level 9 in Maces & Flails
 16012 | Lair:4   | Killed Coyotero's ghost
 16677 | Lair:5   | Reached skill level 10 in Maces & Flails
 16896 | Lair:5   | Found a viscous altar of Jiyva.
 16896 | Lair:5   | Found a staircase to the Slime Pits.
 17401 | Lair:6   | Entered Level 6 of the Lair of Beasts
 17435 | Lair:6   | Reached skill level 11 in Maces & Flails
 17947 | Lair:6   | Reached skill level 12 in Maces & Flails
 18080 | Lair:6   | Noticed a fire dragon
 18299 | Lair:6   | Gained mutation: You have claws for feet. [demonic ancestry]
 18299 | Lair:6   | Reached XP level 14. HP: 111/111 MP: 15/15
 18503 | Lair:5   | Reached skill level 13 in Maces & Flails
 18961 | Lair:6   | Reached skill level 14 in Maces & Flails
 20070 | D:12     | Found a staircase to the Orcish Mines.
 20105 | D:12     | Reached skill level 15 in Maces & Flails
 20220 | D:12     | Found a sacrificial altar of Ru.
 20304 | D:12     | Noticed 4thArraOfDagon's ghost (journeyman DEFE)
 20307 | D:12     | Lost mutation: You are dopey. (Int -2) [potion of cure mutation]
 20307 | D:12     | Lost mutation: Your flesh is heat resistant. (rF+) [potion of cure mutation]
 20307 | D:12     | Lost mutation: Your system is resistant to poisons. (rPois) [potion of cure mutation]
 20317 | D:12     | Killed 4thArraOfDagon's ghost
 20668 | Orc:1    | Entered Level 1 of the Orcish Mines
 21171 | Orc:2    | Entered Level 2 of the Orcish Mines
 21341 | Orc:2    | Found Giunytax's Antique Weapon Shoppe.
 21436 | Orc:2    | Found a staircase to the Elven Halls.
 21497 | Orc:2    | Found Hugeb's Antique Armour Shoppe.
 21498 | Orc:2    | Noticed an orc warlord
 21516 | Orc:2    | Gained mutation: You are mostly covered in sharp spines. [demonic ancestry]
 21516 | Orc:2    | Reached XP level 15. HP: 117/117 MP: 16/16
 21619 | Orc:2    | Killed an orc warlord
 22286 | Orc:2    | Reached skill level 16 in Maces & Flails
 22337 | Orc:2    | Found Loplolo's General Store.
 22355 | Orc:2    | Reached skill level 11 in Fighting
 22358 | Orc:2    | Bought a potion of heal wounds for 75 gold pieces
 22358 | Orc:2    | Bought a potion of curing for 45 gold pieces
 22438 | Orc:2    | Found a roughly hewn altar of Beogh.
 22632 | Orc:2    | Found Omucrixo's Book Boutique.
 22639 | Orc:2    | Noticed Azrael
 22667 | Orc:2    | Killed Azrael
 22985 | Orc:1    | Found Cacvimos's Gadget Emporium.
 23102 | Orc:2    | Bought a runed plate armour for 598 gold pieces
 23102 | Orc:2    | Bought a faintly humming leather armour for 182 gold pieces
 23102 | Orc:2    | Bought a glowing robe for 18 gold pieces
 23144 | Orc:2    | Identified the +1 leather armour of Slovenliness {rCorr MP+9 Int+7 Stlth-} (You bought it in a shop on level 2 of the Orcish Mines)
 23146 | Orc:2    | Bought a shiny buckler for 117 gold pieces
 23271 | D:13     | Reached skill level 3 in Armour
 23540 | D:13     | Reached skill level 4 in Armour
 23775 | D:13     | Found Wavakuhu's Magic Scroll Boutique.
 23788 | D:13     | Bought a scroll of acquirement for 832 gold pieces
 23788 | D:13     | Bought a scroll of teleportation for 48 gold pieces
 23788 | D:13     | Bought a scroll of teleportation for 48 gold pieces
 23788 | D:13     | Bought a scroll of identify for 32 gold pieces
 23788 | D:13     | Bought a scroll of identify for 32 gold pieces
 23788 | D:13     | Bought a scroll of identify for 32 gold pieces
 23788 | D:13     | Bought a scroll of magic mapping for 56 gold pieces
 23859 | D:13     | Reached skill level 5 in Armour
 24095 | D:11     | Gained mutation: Your muscles are strong. (Str +2) [potion of beneficial mutation]
 24262 | D:14     | Reached skill level 1 in Staves
 24427 | D:14     | Reached skill level 2 in Staves
 24580 | D:14     | Reached skill level 3 in Staves
 24851 | D:14     | Reached skill level 4 in Staves
 24952 | D:14     | Found a gate to the Vaults.
 25163 | D:14     | Reached skill level 5 in Staves
 25384 | D:15     | Entered Level 15 of the Dungeon
 25464 | D:15     | Found a staircase to the Depths.
 25464 | D:15     | Noticed a fire giant
 25608 | D:15     | Reached skill level 6 in Staves
 25648 | D:15     | Killed a fire giant
 25677 | D:15     | Gained mutation: You have sharp fingernails. [potion of beneficial mutation]
 25727 | D:15     | Learned a level 2 spell: Song of Slaying
 26270 | D:13     | Bought a scroll of enchant weapon for 120 gold pieces
 26482 | Snake:1  | Entered Level 1 of the Snake Pit
 26482 | Snake:1  | Found Uteqan's Antique Weapon Shop.
 26518 | Snake:1  | Reached skill level 7 in Staves
 26707 | Snake:1  | Reached skill level 8 in Staves
 26707 | Snake:1  | Reached XP level 16. HP: 84/126 MP: 17/17
 27350 | Snake:2  | Noticed Aizul
 27570 | Snake:2  | Killed Aizul
 27571 | Snake:2  | Reached skill level 9 in Staves
 27638 | Snake:2  | Found a flickering gateway to a bazaar.
 27646 | Bazaar   | Entered a bazaar
 27649 | Bazaar   | Found Lukoxt's Food Shop.
 27662 | Bazaar   | Found Qidac's Distillery.
 27675 | Bazaar   | Found Cogeur's Antique Weapon Boutique.
 27703 | Bazaar   | Found Vubi's Weapon Shop.
 27775 | Bazaar   | Bought a potion of heal wounds for 45 gold pieces
 27775 | Bazaar   | Bought 2 potions of resistance for 180 gold pieces
 27775 | Bazaar   | Bought a potion of might for 36 gold pieces
 27775 | Bazaar   | Bought a potion of curing for 27 gold pieces
 28073 | Snake:2  | Found a sacrificial altar of Ru.
 28308 | Snake:2  | Reached skill level 10 in Staves
 28937 | Snake:2  | Reached skill level 11 in Staves
 29180 | Snake:3  | Reached skill level 6 in Armour
 29323 | Snake:3  | Found Raasab's Distillery.
 29331 | Snake:3  | Bought a potion of curing for 57 gold pieces
 29331 | Snake:3  | Bought a potion of curing for 57 gold pieces
 29331 | Snake:3  | Bought a potion of curing for 57 gold pieces
 29624 | Snake:4  | Entered Level 4 of the Snake Pit
 29630 | Snake:4  | Reached skill level 7 in Armour
 29962 | Snake:4  | Reached skill level 8 in Armour
 30385 | Snake:3  | Reached skill level 9 in Armour
 30641 | Snake:4  | Gained mutation: You are somewhat able to resist unholy torments (1 in 2 success). [demonic ancestry]
 30641 | Snake:4  | Reached XP level 17. HP: 80/132 MP: 18/18
 30908 | Snake:4  | Reached skill level 10 in Armour
 31177 | Snake:3  | Bought a potion of might for 76 gold pieces
 31440 | Snake:4  | Reached skill level 11 in Armour
 32026 | Snake:3  | Reached skill level 12 in Armour
 33181 | Snake:4  | Reached skill level 13 in Armour
 33200 | Snake:4  | Got a serpentine rune of Zot
 33651 | Shoals:1 | Entered Level 1 of the Shoals
 33654 | Shoals:1 | Noticed FrancescoMac's ghost (journeyman MiFi)
 33665 | Shoals:1 | Killed FrancescoMac's ghost
 33679 | Shoals:1 | Noticed Frances
 33692 | Shoals:1 | Killed Frances
 33696 | Shoals:1 | Found Qawami's Gadget Boutique.
 33716 | Shoals:1 | Found a frozen archway.
 33732 | IceCv    | Entered an ice cave
 34312 | IceCv    | Noticed an Ice Fiend
 34327 | IceCv    | Killed an Ice Fiend
 34350 | IceCv    | Got a pair of blackened boots
 35126 | Shoals:1 | Noticed a kraken
 35149 | Shoals:1 | Killed a kraken
 35149 | Shoals:1 | Reached skill level 14 in Armour
 35269 | Shoals:1 | Reached XP level 18. HP: 138/138 MP: 19/19
 35321 | Shoals:1 | Noticed Louise
 35326 | Shoals:1 | Cast into level 2 of the Abyss (Louise)
 35342 | Shoals:1 | Escaped the Abyss
 35363 | Shoals:1 | Killed Louise
 35456 | Shoals:2 | Noticed Kirke
 35476 | Shoals:2 | Killed Kirke
 35976 | Shoals:1 | Reached skill level 15 in Armour
 36624 | Shoals:3 | Noticed Nikola
 36647 | Shoals:3 | Killed Nikola
 37043 | Shoals:1 | Bought a wand of heal wounds (1/9) for 450 gold pieces
 37323 | Shoals:4 | Entered Level 4 of the Shoals
 37401 | Shoals:4 | Noticed Ilsuiw
 37414 | Shoals:4 | Killed Ilsuiw
 37444 | Shoals:4 | Reached skill level 16 in Armour
 38210 | Shoals:4 | Reached skill level 12 in Fighting
 38667 | Shoals:4 | Reached skill level 13 in Fighting
 39276 | Shoals:4 | Reached skill level 14 in Fighting
 39322 | Shoals:4 | Noticed Mara
 39327 | Shoals:4 | Noticed p0werm0de's illusion
 39386 | Shoals:4 | Reached XP level 19. HP: 127/153 MP: 20/20
 39668 | Shoals:4 | Noticed p0werm0de's illusion
 39836 | Shoals:4 | Killed Mara
 39836 | Shoals:4 | Reached skill level 15 in Fighting
 40010 | Shoals:4 | Got a barnacled rune of Zot
 40220 | Lair:2   | Upgraded the game from 0.19-a0-1216-g363869b to 0.19-a0-1225-gf887c1c
 40391 | Vaults:1 | Entered Level 1 of the Vaults
 40433 | Vaults:1 | Reached skill level 16 in Fighting
 41105 | Vaults:1 | Reached skill level 17 in Fighting
 42070 | Vaults:2 | Reached skill level 18 in Fighting
 42168 | Vaults:2 | Found a portal to a secret trove of treasure.
 43297 | Vaults:2 | Gained mutation: Your melee attacks may debilitate your foes. [demonic ancestry]
 43297 | Vaults:2 | Reached XP level 20. HP: 172/172 MP: 21/21
 43385 | Vaults:2 | Reached skill level 19 in Fighting
 44103 | Vaults:3 | Found a staircase to the Crypt.
 44657 | Vaults:3 | Noticed Margery
 44692 | Vaults:3 | Killed Margery
 44707 | Vaults:3 | Reached skill level 20 in Fighting
 45946 | Crypt:1  | Entered Level 1 of the Crypt
 45979 | Crypt:1  | Reached skill level 21 in Fighting
 46013 | Crypt:1  | Reached skill level 2 in Evocations
 46257 | Crypt:1  | Reached skill level 3 in Evocations
 46598 | Crypt:1  | Reached skill level 4 in Evocations
 46762 | Crypt:1  | Reached skill level 5 in Evocations
 47194 | Crypt:2  | Reached skill level 6 in Evocations
 47227 | Crypt:2  | Noticed Boris
 47259 | Crypt:2  | Killed Boris
 47259 | Crypt:2  | Reached skill level 7 in Evocations
 47259 | Crypt:2  | Gained mutation: You have an unnaturally thin skeletal structure. (Dex +6, Stealth++) [demonic ancestry]
 47259 | Crypt:2  | Reached XP level 21. HP: 141/186 MP: 24/26
 47572 | Crypt:2  | Reached skill level 8 in Evocations
 47640 | Crypt:2  | Noticed Saint Roka
 47653 | Crypt:1  | Killed Saint Roka
 47757 | Crypt:2  | Reached skill level 9 in Evocations
 48156 | Crypt:3  | Entered Level 3 of the Crypt
 48256 | Crypt:3  | Reached skill level 10 in Evocations
 48514 | Crypt:3  | Found a staircase to the Tomb.
 48654 | Crypt:3  | Noticed Bai Suzhen
 48673 | Crypt:3  | Reached skill level 11 in Evocations
 48686 | Crypt:3  | Killed Bai Suzhen
 48920 | Crypt:3  | Noticed an ancient lich
 48938 | Crypt:3  | Killed an ancient lich
 48938 | Crypt:3  | Reached skill level 12 in Evocations
 49034 | Crypt:3  | Found a basalt altar of Yredelemnul.
 49059 | Crypt:3  | Got a clouded copper ring
 49061 | Crypt:3  | Identified the ring "Gadgh" {+Fly rElec rF- rC+ rN+} (You found it on level 3 of the Crypt)
 49065 | Crypt:3  | Got a glittering jade ring
 49066 | Crypt:3  | Identified the ring "Muevimy" {rPois rN+} (You found it on level 3 of the Crypt)
 49147 | Crypt:3  | Noticed Boris
 49165 | Crypt:3  | Killed Boris
 49356 | Crypt:3  | Reached skill level 13 in Evocations
 49558 | Crypt:3  | Identified the Tome of Fiery Venom
 49640 | Crypt:3  | Reached skill level 1 in Necromancy
 49674 | Crypt:3  | Identified the Grimoire of Confrontation
 49811 | Vaults:4 | Noticed Sojobo
 49824 | Vaults:3 | Reached skill level 2 in Spellcasting
 49830 | Vaults:3 | Reached skill level 2 in Necromancy
 49928 | Vaults:4 | Killed Sojobo
 49928 | Vaults:4 | Reached skill level 3 in Spellcasting
 49928 | Vaults:4 | Reached skill level 3 in Necromancy
 49990 | Vaults:4 | Gained mutation: You are completely covered in sharp spines. [demonic ancestry]
 49990 | Vaults:4 | Reached XP level 22. HP: 194/194 MP: 31/31
 50014 | Vaults:4 | Reached skill level 4 in Necromancy
 50100 | Vaults:4 | Reached skill level 4 in Spellcasting
 50182 | Vaults:4 | Reached skill level 5 in Necromancy
 50311 | Vaults:4 | Reached skill level 5 in Spellcasting
 50337 | Vaults:4 | Reached skill level 6 in Necromancy
 50616 | Vaults:4 | Reached skill level 6 in Spellcasting
 50636 | Vaults:4 | Reached skill level 7 in Necromancy
 51533 | D:11     | Learned a level 6 spell: Simulacrum
 51540 | D:11     | Learned a level 6 spell: Death Channel
 51546 | D:11     | Learned a level 5 spell: Cigotuvi's Embrace
 51555 | D:11     | Learned a level 4 spell: Animate Dead
 51644 | Elf:1    | Entered Level 1 of the Elven Halls
 51660 | Elf:1    | Found Ciffyn's Weapon Shop.
 51738 | Elf:1    | Reached skill level 7 in Spellcasting
 51746 | Elf:1    | Reached skill level 8 in Necromancy
 51960 | Elf:1    | Found Gishad's General Store.
 51972 | Elf:1    | Found Delan's Book Shoppe.
 51980 | Elf:1    | Bought a book of Enchantments for 800 gold pieces
 52110 | Elf:1    | Found Werhag Rien's Food Boutique.
 52839 | Elf:2    | Reached skill level 9 in Necromancy
 52880 | Elf:2    | Found a magical portal.
 52896 | WizLab   | Entered Doroklohe's Tomb
 53353 | WizLab   | Noticed an ancient lich
 53372 | WizLab   | Killed an ancient lich
 53372 | WizLab   | Reached skill level 8 in Spellcasting
 53692 | Elf:2    | Found a runed gate.
 53692 | Elf:2    | Found a runed gate.
 53692 | Elf:2    | Found a runed gate.
 53879 | Elf:2    | Got a pair of encrusted gloves
 53890 | Elf:2    | Identified the cursed +0 pair of gloves "Hatesch" {-Cast Int+3 Dex+2} (You found it on level 2 of the Elven Halls)
 53912 | Elf:2    | Reached skill level 10 in Necromancy
 54065 | Elf:2    | Identified a +6 quick blade of pain (a +4 quick blade of draining bloodied by Kikubaaqudgha)
 54065 | Elf:2    | Received a gift from Kikubaaqudgha
 54238 | Elf:2    | Reached skill level 9 in Spellcasting
 54491 | Elf:2    | Got a twitching emerald amulet
 54492 | Elf:2    | Identified the amulet "Faveiwk" {Faith rPois} (You acquired it on level 2 of the Elven Halls)
 54497 | Elf:2    | Upgraded the game from 0.19-a0-1225-gf887c1c to 0.19-a0-1254-gb9c29c0
 54704 | Depths:1 | Entered Level 1 of the Depths
 54730 | Depths:1 | Found a gateway to Hell.
 54773 | Depths:1 | Found a one-way gate leading to the halls of Pandemonium.
 54895 | Depths:1 | Reached skill level 11 in Necromancy
 54897 | Depths:1 | Reached XP level 23. HP: 200/200 MP: 36/36
 55180 | Depths:1 | Reached skill level 10 in Spellcasting
 55580 | Depths:2 | Found a flickering gateway to a bazaar.
 55638 | Bazaar   | Entered a bazaar
 55652 | Bazaar   | Found Syaxt's Weapon Shoppe.
 55667 | Bazaar   | Found Imimuze's Gadget Emporium.
 55682 | Bazaar   | Found Poingur's Antique Armour Emporium.
 55731 | Bazaar   | Bought a box of beasts for 260 gold pieces
 55745 | Bazaar   | Bought the +5 demon whip "Spellbinder" {antimagic, MR+} for 826 gold pieces
 55844 | Depths:2 | Reached skill level 12 in Necromancy
 56418 | Depths:2 | Reached skill level 11 in Spellcasting
 56833 | Depths:2 | Reached skill level 13 in Necromancy
 57031 | Depths:2 | Learned a level 6 spell: Haste
 57149 | Depths:2 | Paralysed by a vampire knight for 5 turns
 57645 | Depths:3 | Noticed an ancient lich
 57660 | Depths:3 | Killed an ancient lich
 57664 | Depths:3 | Noticed Jory
 57674 | Depths:3 | Reached skill level 12 in Spellcasting
 57700 | Depths:3 | Killed Jory
 57700 | Depths:3 | Reached skill level 2 in Charms
 57973 | Depths:3 | Reached skill level 3 in Charms
 58029 | Depths:3 | Reached skill level 4 in Charms
 58089 | Depths:3 | Found a one-way gate to the infinite horrors of the Abyss.
 58234 | Depths:3 | Reached skill level 5 in Charms
 58373 | Depths:3 | Reached skill level 6 in Charms
 58620 | Depths:3 | Reached skill level 7 in Charms
 58651 | Depths:3 | Reached XP level 24. HP: 191/208 MP: 39/39
 58736 | Depths:3 | Noticed Jorgrun
 58834 | Depths:3 | Noticed Mennas
 58859 | Depths:3 | Killed Mennas
 58859 | Depths:3 | Reached skill level 8 in Charms
 58910 | Depths:3 | Killed Jorgrun
 59175 | Depths:3 | Reached skill level 9 in Charms
 59445 | Depths:4 | Found a gateway to a ziggurat.
 59509 | Depths:4 | Reached skill level 10 in Charms
 60164 | Depths:4 | Reached skill level 11 in Charms
 60880 | Depths:4 | Cast into level 2 of the Abyss (spriggan defender)
 60930 | Abyss:2  | Found a corrupted altar of Lugonu.
 61341 | Abyss:2  | Reached skill level 12 in Charms
 61346 | Abyss:2  | Found a corrupted altar of Lugonu.
 61373 | Abyss:3  | Found a corrupted altar of Lugonu.
 61415 | Abyss:3  | Found a corrupted altar of Lugonu.
 61737 | Abyss:3  | Got a thick robe
 61742 | Abyss:3  | Identified the +1 robe of Pegucw {rC+ MR++ Stlth+} (You found it on level 3 of the Abyss)
 62060 | Abyss:3  | Reached skill level 13 in Charms
 62544 | Abyss:3  | Lost mutation: Your muscles are strong. (Str +2) [a neqoxec]
 62593 | Abyss:3  | Gained mutation: You tend to lose your temper in combat. [a neqoxec]
 62624 | Abyss:3  | Found a corrupted altar of Lugonu.
 62814 | Abyss:3  | Reached skill level 13 in Spellcasting
 63289 | Abyss:3  | Reached XP level 25. HP: 106/214 MP: 40/40
 63440 | Abyss:3  | Reached skill level 14 in Spellcasting
 64158 | Abyss:3  | Noticed an ancient lich
 64163 | Abyss:3  | Reached skill level 15 in Spellcasting
 64186 | Abyss:3  | Killed an ancient lich
 64320 | Abyss:3  | Found a corrupted altar of Lugonu.
 64406 | Abyss:3  | Got an abyssal rune of Zot
 64597 | Abyss:3  | Paralysed by accursed screaming for 1 turns
 64693 | Abyss:3  | Reached skill level 16 in Spellcasting
 64810 | Depths:4 | Escaped the Abyss
 64860 | Depths:3 | Gained mutation: You regenerate slowly when monsters are visible. [mutagenic glow]
 65727 | Depths:4 | Identified the Grimoire of Shifting Snow
 66214 | Depths:4 | Reached skill level 17 in Spellcasting
 66221 | Depths:4 | Lost mutation: You tend to lose your temper in combat. [potion of cure mutation]
 66221 | Depths:4 | Lost mutation: You have sharp fingernails. [potion of cure mutation]
 66221 | Depths:4 | Lost mutation: You regenerate slowly when monsters are visible. [potion of cure mutation]
 66433 | Depths:5 | Entered Level 5 of the Depths
 66556 | Depths:5 | Got a pair of faintly humming gloves
 66562 | Depths:5 | Identified the +2 pair of gloves of the Moon Troll {-Cast rC+ Str+6 Int+3} (You found it on level 5 of the Depths)
 67047 | Depths:5 | Found a gate to the Realm of Zot.
 67887 | Depths:5 | Reached skill level 18 in Spellcasting
 67891 | Depths:5 | Reached XP level 26. HP: 160/222 MP: 44/45
 68432 | Slime:1  | Entered Level 1 of the Pits of Slime
 68492 | Slime:2  | Reached skill level 14 in Necromancy
 69010 | Slime:5  | Entered Level 5 of the Pits of Slime
 69079 | Slime:5  | Reached skill level 15 in Necromancy
 69175 | Slime:5  | Noticed the Royal Jelly
 69184 | Slime:5  | Found a viscous altar of Jiyva.
 69538 | Slime:4  | Gained mutation: Armour fits poorly on your strangely shaped body. [a shining eye]
 71018 | Slime:5  | Gained mutation: Your magical capacity is low. (-10% MP) [a shining eye]
 71269 | Slime:5  | Gained mutation: You occasionally shout uncontrollably at your foes. [a shining eye]
 72108 | Slime:5  | Killed the Royal Jelly
 72108 | Slime:5  | Reached skill level 16 in Necromancy
 72136 | Slime:5  | Got a faintly humming plate armour
 72145 | Slime:5  | Identified the +8 plate armour of Minor Irritation {Dex+4 SInv} (You found it on level 5 of the Pits of Slime)
 72320 | Slime:5  | Learned a level 1 spell: Apportation
 72323 | Slime:5  | Learned a level 2 spell: Blink
 72328 | Slime:5  | Learned a level 4 spell: Passage of Golubria
 72340 | Slime:5  | Got a faintly glowing leather armour
 72341 | Slime:5  | Identified the cursed +0 leather armour of Kikubaaqudgha's Whim {rF+++ MP+9 Int-3 Dex+2} (You found it on level 5 of the Pits of Slime)
 72381 | Slime:5  | Got a slimy rune of Zot
 72417 | Slime:5  | Got an amethyst-encrusted swamp dragon armour
 72418 | Slime:5  | Identified the +7 swamp dragon armour "Iphyt" {-Cast rPois Dex+5 Stlth+} (You found it on level 5 of the Pits of Slime)
 72425 | Slime:5  | Got a bronze leather armour
 72426 | Slime:5  | Identified the cursed +0 leather armour of Polytheism {*Drain Int+10} (You found it on level 5 of the Pits of Slime)
 72692 | D:11     | Lost mutation: Armour fits poorly on your strangely shaped body. [potion of cure mutation]
 72692 | D:11     | Lost mutation: Your magical capacity is low. (-10% MP) [potion of cure mutation]
 72692 | D:11     | Lost mutation: You occasionally shout uncontrollably at your foes. [potion of cure mutation]
 72946 | Vaults:5 | Entered Level 5 of the Vaults
 72950 | Vaults:5 | Noticed Gruesome's ghost (adept OpMo)
 72959 | Vaults:5 | Reached skill level 1 in Ice Magic
 73073 | Vaults:5 | Reached skill level 2 in Ice Magic
 73114 | Vaults:5 | Killed Gruesome's ghost
 73114 | Vaults:5 | Reached skill level 3 in Ice Magic
 73136 | Vaults:5 | Reached skill level 4 in Ice Magic
 73168 | Vaults:5 | Reached skill level 5 in Ice Magic
 73200 | Vaults:5 | Reached skill level 6 in Ice Magic
 73260 | Vaults:5 | Reached skill level 7 in Ice Magic
 73482 | Vaults:5 | Reached skill level 8 in Ice Magic
 73534 | Vaults:5 | Noticed an ancient lich
 73549 | Vaults:5 | Killed an ancient lich
 73566 | Vaults:5 | Identified the Compendium of Scorching Changing
 73682 | Vaults:5 | Reached skill level 9 in Ice Magic
 73732 | Vaults:5 | Got a faintly glowing scale mail
 73733 | Vaults:5 | Identified the +1 scale mail of the Apprentice {rC+ MR+} (You took it off a vault guard on level 5 of the Vaults)
 73855 | Vaults:5 | Reached skill level 10 in Ice Magic
 73964 | Vaults:5 | Reached XP level 27. HP: 195/228 MP: 45/45
 74261 | Vaults:5 | Reached skill level 11 in Ice Magic
 74381 | Vaults:5 | Reached skill level 17 in Necromancy
 74451 | Vaults:5 | Got a spiked chain mail
 74452 | Vaults:5 | Identified the +2 chain mail of Zalad {rElec rC++ Int+4} (You found it on level 5 of the Vaults)
 74478 | Vaults:5 | Got a crude robe
 74479 | Vaults:5 | Identified the +0 robe "Junehiuric" {rElec Dex+4} (You found it on level 5 of the Vaults)
 74507 | Vaults:5 | Got a transparent platinum ring
 74508 | Vaults:5 | Identified the ring of Xom's Entertainment {Int+5 Stlth+} (You acquired it on level 5 of the Vaults)
 74648 | Vaults:5 | Identified the Compendium of Glacial Weightlessness
 74654 | Vaults:5 | Got an encrusted leather armour
 74655 | Vaults:5 | Identified the +2 leather armour "Ubaypunu" {Regen+ Int+3 Stlth-} (You found it on level 5 of the Vaults)
 75037 | Vaults:5 | Reached skill level 19 in Spellcasting
 75084 | Vaults:5 | Got a silver rune of Zot
 75088 | Vaults:5 | Identified Bekhlecoi's Tome of Twisted Transformation
 75334 | Vaults:5 | Learned a level 6 spell: Freezing Cloud
 75700 | Zot:1    | Entered Level 1 of the Realm of Zot
 76242 | Zot:1    | Reached skill level 20 in Spellcasting
 76290 | Zot:1    | Got a flickering ivory amulet
 76581 | Zot:1    | Reached skill level 21 in Spellcasting
 77678 | Zot:1    | Noticed an ancient lich
 77679 | Zot:1    | Found a stormy altar of Qazlal.
 77700 | Zot:1    | Killed an ancient lich
 78062 | Zot:1    | Reached skill level 22 in Spellcasting
 78295 | Zot:2    | Noticed an ancient lich
 78333 | Zot:2    | Killed an ancient lich
 78365 | Zot:2    | Reached skill level 17 in Armour
 78464 | Zot:2    | Identified the amulet of Odwuz {rF- MR+ Regen+ Int+10 Slay+3} (You found it on level 1 of the Realm of Zot)
 78725 | Zot:2    | Reached skill level 16 in Dodging
 79250 | Zot:2    | You fall through a shaft!
 80086 | Zot:3    | Reached skill level 18 in Armour
 80509 | Zot:2    | Reached skill level 17 in Dodging
 81211 | Depths:4 | Learned a level 2 spell: Repel Missiles
 81472 | Depths:2 | Upgraded the game from 0.19-a0-1254-gb9c29c0 to 0.19-a0-1260-gc94d3f7
 82263 | Zot:4    | Reached skill level 19 in Armour
 82381 | Zot:4    | Reached skill level 18 in Dodging
 82997 | Zot:5    | Entered Level 5 of the Realm of Zot
 83721 | Zot:5    | Noticed an ancient lich
 83764 | Zot:5    | Noticed an ancient lich
 83776 | Zot:5    | Killed an ancient lich
 83787 | Zot:5    | Killed an ancient lich
 83869 | Zot:5    | Noticed an ancient lich
 83895 | Zot:5    | Killed an ancient lich
 84105 | Zot:5    | Noticed an orb of fire
 84114 | Zot:5    | Reached skill level 19 in Dodging
 84124 | Zot:5    | Killed an orb of fire
 84124 | Zot:5    | Reached skill level 20 in Armour
 84181 | Zot:5    | Noticed an ancient lich
 84199 | Zot:5    | Killed an ancient lich
 84247 | Zot:5    | Noticed an ancient lich
 84269 | Zot:5    | Killed an ancient lich
 84541 | Zot:5    | Noticed an orb of fire
 84556 | Zot:5    | Gained mutation: Your body sometimes deteriorates upon taking damage. [an orb of fire]
 84575 | Zot:5    | Killed an orb of fire
 84631 | Zot:5    | Noticed an orb of fire
 84632 | Zot:5    | Gained mutation: You are weak. (Str -2) [an orb of fire]
 84645 | Zot:5    | Killed an orb of fire
 85022 | Zot:5    | Noticed an ancient lich
 85059 | Zot:5    | Killed an ancient lich
 85075 | Zot:5    | Noticed an ancient lich
 85089 | Zot:5    | Killed an ancient lich
 85112 | Zot:5    | Reached skill level 20 in Dodging
 85181 | Zot:5    | Reached skill level 21 in Armour
 85201 | Zot:5    | Noticed an orb of fire
 85207 | Zot:5    | Gained mutation: You are occasionally teleported next to monsters. [an orb of fire]
 85213 | Zot:5    | Gained mutation: Scrolls take you a little longer to read. [an orb of fire]
 85248 | Zot:5    | Killed an orb of fire
 85562 | Zot:5    | Noticed an ancient lich
 85595 | Zot:5    | Killed an ancient lich
 86949 | Tomb:1   | Entered Level 1 of the Tomb of the Ancients
 87066 | Tomb:1   | Reached skill level 1 in Translocations
 87095 | Tomb:1   | Reached skill level 2 in Translocations
 87117 | Tomb:1   | Reached skill level 3 in Translocations
 87157 | Tomb:1   | Reached skill level 4 in Translocations
 87173 | Tomb:1   | Noticed a greater mummy
 87180 | Tomb:1   | Killed a greater mummy
 87180 | Tomb:1   | Reached skill level 5 in Translocations
 87193 | Tomb:1   | Noticed a greater mummy
 87225 | Tomb:1   | Killed a greater mummy
 87474 | Tomb:1   | Reached skill level 6 in Translocations
 87629 | Tomb:2   | Noticed an ancient lich
 87630 | Tomb:2   | Noticed a greater mummy
 87630 | Tomb:2   | Noticed a greater mummy
 87630 | Tomb:2   | Reached skill level 7 in Translocations
 87638 | Tomb:2   | Noticed a greater mummy
 88066 | Tomb:1   | Killed a greater mummy
 88066 | Tomb:1   | Reached skill level 8 in Translocations
 88200 | Tomb:1   | Killed an ancient lich
 88207 | Tomb:1   | Reached skill level 9 in Translocations
 88283 | Tomb:2   | Killed a greater mummy
 88351 | Tomb:2   | Lost mutation: Your body sometimes deteriorates upon taking damage. [potion of cure mutation]
 88351 | Tomb:2   | Lost mutation: You are weak. (Str -2) [potion of cure mutation]
 88352 | Tomb:2   | Lost mutation: Scrolls take you a little longer to read. [potion of cure mutation]
 88352 | Tomb:2   | Lost mutation: You are occasionally teleported next to monsters. [potion of cure mutation]
 88449 | Tomb:2   | Reached skill level 10 in Translocations
 88507 | Tomb:2   | Killed a greater mummy
 88796 | Tomb:1   | Noticed a greater mummy
 88796 | Tomb:1   | Noticed a greater mummy
 88797 | Tomb:1   | Noticed a greater mummy
 88824 | Tomb:1   | Noticed a greater mummy
 88824 | Tomb:1   | Killed a greater mummy
 88836 | Tomb:1   | Killed a greater mummy
 88836 | Tomb:1   | Reached skill level 11 in Translocations
 88857 | Tomb:2   | Killed a greater mummy
 89120 | Tomb:1   | Killed a greater mummy
 89123 | Tomb:1   | Noticed a greater mummy
 89128 | Tomb:1   | Noticed a greater mummy
 89142 | Tomb:1   | Noticed a greater mummy
 89143 | Tomb:1   | Killed a greater mummy
 89146 | Tomb:1   | Noticed a greater mummy
 89163 | Tomb:1   | Killed a greater mummy
 89163 | Tomb:1   | Reached skill level 12 in Translocations
 89177 | Tomb:1   | Killed a greater mummy
 89202 | Tomb:1   | Killed a greater mummy
 89243 | Tomb:1   | Noticed a greater mummy
 89264 | Tomb:1   | Killed a greater mummy
 89284 | Tomb:1   | Noticed a greater mummy
 89285 | Tomb:1   | Noticed a greater mummy
 89307 | Tomb:1   | Killed a greater mummy
 89316 | Tomb:1   | Killed a greater mummy
 89538 | Tomb:1   | Noticed a greater mummy
 89550 | Tomb:1   | Killed a greater mummy
 89572 | Tomb:1   | Noticed a greater mummy
 89593 | Tomb:1   | Killed a greater mummy
 89655 | Tomb:1   | Noticed a greater mummy
 89670 | Tomb:1   | Killed a greater mummy
 89698 | Tomb:1   | Noticed a greater mummy
 89726 | Tomb:1   | Killed a greater mummy
 89738 | Tomb:1   | Noticed a greater mummy
 89771 | Tomb:1   | Killed a greater mummy
 89810 | Tomb:1   | Noticed a greater mummy
 89863 | Tomb:1   | Killed a greater mummy
 89863 | Tomb:1   | Reached skill level 22 in Fighting
 89953 | Tomb:1   | Noticed a greater mummy
 89976 | Tomb:1   | Killed a greater mummy
 89992 | Tomb:1   | Noticed a greater mummy
 90010 | Tomb:1   | Killed a greater mummy
 90022 | Tomb:1   | Noticed a greater mummy
 90042 | Tomb:1   | Killed a greater mummy
 90085 | Tomb:1   | Noticed a greater mummy
 90115 | Tomb:1   | Killed a greater mummy
 90677 | Tomb:3   | Entered Level 3 of the Tomb of the Ancients
 90698 | Tomb:3   | Noticed an ancient lich
 90702 | Tomb:3   | Noticed a greater mummy
 90730 | Tomb:2   | Killed an ancient lich
 90730 | Tomb:2   | Reached skill level 23 in Fighting
 90746 | Tomb:3   | Noticed a greater mummy
 90906 | Tomb:2   | Killed a greater mummy
 91034 | Tomb:3   | Noticed a greater mummy
 91082 | Tomb:2   | Killed a greater mummy
 91566 | Tomb:2   | Killed a greater mummy
 91775 | Tomb:3   | Noticed a greater mummy
 91777 | Tomb:3   | Noticed a greater mummy
 91818 | Tomb:2   | Killed a greater mummy
 91842 | Tomb:3   | Noticed a greater mummy
 91844 | Tomb:3   | Noticed a greater mummy
 91858 | Tomb:2   | Killed a greater mummy
 91858 | Tomb:2   | Reached skill level 24 in Fighting
 92132 | Tomb:2   | Killed a greater mummy
 92132 | Tomb:2   | Reached skill level 2 in Air Magic
 92152 | Tomb:3   | Killed a greater mummy
 92152 | Tomb:3   | Reached skill level 3 in Air Magic
 92173 | Tomb:3   | Reached skill level 4 in Air Magic
 92213 | Tomb:3   | Reached skill level 5 in Air Magic
 92292 | Tomb:3   | Learned a level 1 spell: Summon Butterflies
 92296 | Tomb:3   | Got a slimy cloak
 92307 | Tomb:3   | Identified the cursed +0 cloak "Limut" {Slay+3} (You found it on level 3 of the Tomb of the Ancients)
 92309 | Tomb:3   | Identified the Papyrus of Ignition and Battle Magic
 92336 | Tomb:3   | Got a jewelled cloak
 92348 | Tomb:3   | Identified the +2 cloak of Tender Moments {rN+++ MP+9 Dex-4 SInv} (You found it on level 3 of the Tomb of the Ancients)
 92376 | Tomb:3   | Got a clouded ivory ring
 92377 | Tomb:3   | Identified the ring "Likhladeth" {rCorr rPois} (You found it on level 3 of the Tomb of the Ancients)
 92452 | Tomb:3   | Got a golden rune of Zot
 92489 | Tomb:3   | Noticed a greater mummy
 92506 | Tomb:3   | Killed a greater mummy
 92506 | Tomb:3   | Reached skill level 6 in Air Magic
 93507 | Pan      | Entered Pandemonium
 93511 | Pan      | Noticed Ceiv the pandemonium lord
 93861 | Pan      | Upgraded the game from 0.19-a0-1260-gc94d3f7 to 0.19-a0-1320-g0178847
 93890 | Pan      | Found a glowing silver altar of Zin.
 93905 | Pan      | Reached skill level 21 in Dodging
 94214 | Pan      | Found a glowing golden altar of the Shining One.
 94215 | Pan      | Noticed a seraph
 94233 | Pan      | Killed a seraph
 94234 | Pan      | Reached skill level 22 in Dodging
 94259 | Pan      | Got a demonic rune of Zot
 94260 | Pan      | Identified the Reference Book on the Traveller and the Rocks
 94276 | Pan      | Learned a level 8 spell: Controlled Blink
 94278 | Pan      | Got a scorched garnet amulet
 94279 | Pan      | Identified the amulet of Grace {Faith *Drain Str+3 Int+4} (You found it in Pandemonium)
 94292 | Pan      | Got a smoking chain mail
 94293 | Pan      | Identified the cursed +1 chain mail "Raozod" {rC++ MR+} (You found it in Pandemonium)
 94298 | Pan      | Identified Sif Muna's Tome of Bewitching Weightlessness
 94492 | Pan      | Identified a +2 rod of inaccuracy (10/10) (You found it in Pandemonium)
 95015 | Pan      | Found an exit through the horrors of the Abyss.
 95132 | Pan      | Found a runed door.
 95184 | Pan      | Entered the realm of Gloorx Vloq.
 95214 | Pan      | Reached skill level 23 in Dodging
 95513 | Pan      | Noticed Gloorx Vloq
 95545 | Pan      | Killed Gloorx Vloq
 95700 | Pan      | Got a dark rune of Zot
 95738 | Pan      | Found an exit through the horrors of the Abyss.
 95760 | Pan      | Noticed Biebibb the pandemonium lord
 95790 | Pan      | Killed Biebibb the pandemonium lord
 96231 | Pan      | Reached skill level 24 in Dodging
 96366 | Pan      | Reached skill level 7 in Air Magic
 96584 | Pan      | Found an exit through the horrors of the Abyss.
 96618 | Pan      | Reached skill level 8 in Air Magic
 96725 | Pan      | Noticed Hittoh the pandemonium lord
 96743 | Pan      | Killed Hittoh the pandemonium lord
 96743 | Pan      | Reached skill level 9 in Air Magic
 96823 | Pan      | Found an exit through the horrors of the Abyss.
 97134 | Pan      | Got a transparent pewter ring
 97135 | Pan      | Identified the ring "Nolydeac" {rElec rF+ rC+ Str+2} (You acquired it in Pandemonium)
 97180 | Pan      | Reached skill level 1 in Stealth
 97213 | Pan      | Reached skill level 2 in Stealth
 97231 | Pan      | Reached skill level 3 in Stealth
 97261 | Pan      | Reached skill level 4 in Stealth
 97275 | Pan      | Found an exit through the horrors of the Abyss.
 97287 | Pan      | Gained mutation: You are frail. (-10% HP) [a cacodemon]
 97295 | Pan      | Reached skill level 5 in Stealth
 97322 | Pan      | Reached skill level 6 in Stealth
 97337 | Pan      | Found an exit through the horrors of the Abyss.
 97579 | Pan      | Reached skill level 7 in Stealth
 97650 | Pan      | Reached skill level 8 in Stealth
 97667 | Pan      | Entered the realm of Mnoleg.
 97776 | Pan      | Reached skill level 9 in Stealth
 97811 | Pan      | Gained mutation: You are very frail. (-20% HP) [a neqoxec]
 97813 | Pan      | Noticed Mnoleg
 97834 | Pan      | Gained mutation: You are clumsy. (Dex -2) [Mnoleg's mutagenic touch]
 97839 | Pan      | Reached skill level 10 in Stealth
 97866 | Pan      | Killed Mnoleg
 97866 | Pan      | Reached skill level 11 in Stealth
 97882 | Pan      | Reached skill level 12 in Stealth
 97915 | Pan      | Got a glowing rune of Zot
 97932 | Pan      | Reached skill level 13 in Stealth
 97988 | Pan      | Entered the realm of Cerebov.
 98275 | Pan      | Reached skill level 14 in Stealth
 98361 | Pan      | Lost mutation: You are very frail. (-20% HP) [potion of cure mutation]
 98361 | Pan      | Lost mutation: You are frail. (-10% HP) [potion of cure mutation]
 98361 | Pan      | Lost mutation: You are clumsy. (Dex -2) [potion of cure mutation]
 98365 | Pan      | Gained mutation: You have a pair of small horns on your head. [potion of beneficial mutation]
 98591 | Pan      | Noticed Cerebov
 98596 | Pan      | Reached skill level 15 in Stealth
 98613 | Pan      | Killed Cerebov
 98623 | Pan      | Got a heavily runed plate armour
 98624 | Pan      | Identified the +6 plate armour of the King {rN+ Dex+6} (You found it in Pandemonium)
 98679 | Pan      | Got a wavering golden amulet
 98680 | Pan      | Identified the amulet "Getoqyo" {Inacc Str-5 Int+4 Dex+4 SInv} (You found it in Pandemonium)
 98752 | Pan      | Got a shimmering chain mail
 98753 | Pan      | Identified the +1 chain mail of Blue Skies {MR+ Str+4 Dex+3} (You found it in Pandemonium)
 98901 | Pan      | Got a fiery rune of Zot
 99096 | Pan      | Reached skill level 13 in Translocations
 99335 | Pan      | Entered the realm of Lom Lobon.
 99422 | Pan      | Found an exit through the horrors of the Abyss.
 99566 | Pan      | Reached skill level 14 in Translocations
 99697 | Pan      | Noticed Lom Lobon
 99756 | Pan      | Killed Lom Lobon
 99774 | Pan      | Got a magical rune of Zot
 99898 | Pan      | Reached skill level 15 in Translocations
100013 | Pan      | Took an exit into the Abyss.
100013 | Abyss:1  | Escaped into the Abyss
100018 | Abyss:1  | Noticed an ancient lich
100049 | Abyss:1  | Killed an ancient lich
100204 | Abyss:1  | Noticed an ancient lich
100217 | Abyss:1  | Killed an ancient lich
100221 | Depths:1 | Escaped the Abyss
100315 | Hell     | Entered the Vestibule of Hell
100315 | Hell     | Noticed Geryon
100322 | Hell     | Gained mutation: You are clumsy. (Dex -2) [a cacodemon]
100346 | Hell     | Reached skill level 16 in Translocations
100377 | Hell     | Killed Geryon
100503 | Hell     | Noticed Murray
100700 | Hell     | Killed Murray
100757 | Hell     | Reached skill level 17 in Translocations
100786 | Hell     | Found a gateway to the Iron City of Dis.
100795 | Dis:1    | Entered Level 1 of the Iron City of Dis
101447 | Dis:5    | Reached skill level 18 in Translocations
101640 | Dis:7    | Entered Level 7 of the Iron City of Dis
102031 | Dis:7    | Reached skill level 19 in Translocations
102140 | Dis:7    | Got a transparent silver ring
102141 | Dis:7    | Identified the ring of Satisfaction {Wiz +Blink rC++ rN+ MR-} (You found it on level 7 of the Iron City of Dis)
102203 | Dis:7    | Reached skill level 1 in Short Blades
102213 | Dis:7    | Identified Vuotit's Volume of Conjuration
102273 | Dis:7    | Reached skill level 2 in Short Blades
102319 | Dis:7    | Reached skill level 3 in Short Blades
102444 | Dis:7    | Reached skill level 4 in Short Blades
102545 | Dis:7    | Noticed Dispater
102590 | Dis:7    | Reached skill level 5 in Short Blades
102625 | Dis:7    | Killed Dispater
102637 | Dis:7    | Reached skill level 6 in Short Blades
102765 | Dis:7    | Got an iron rune of Zot
102778 | Dis:7    | Reached skill level 7 in Short Blades
102954 | Hell     | Found a gateway to the freezing wastes of Cocytus.
102973 | Hell     | Reached skill level 8 in Short Blades
103014 | Coc:1    | Entered Level 1 of Cocytus
103108 | Coc:1    | Reached skill level 9 in Short Blades
103449 | Coc:3    | Reached skill level 10 in Short Blades
103715 | Coc:7    | Entered Level 7 of Cocytus
103888 | Coc:7    | Reached skill level 12 in Ice Magic
104198 | Coc:7    | Reached skill level 13 in Ice Magic
104529 | Coc:7    | Reached skill level 14 in Ice Magic
104765 | Coc:7    | Reached skill level 15 in Ice Magic
104783 | Coc:7    | Noticed Antaeus
104787 | Coc:7    | Gained mutation: You occasionally shout uncontrollably at your foes. [mutagenic glow]
104820 | Coc:7    | Killed Antaeus
104833 | Coc:7    | Gained mutation: You are occasionally teleported next to monsters. [mutagenic glow]
104837 | Coc:7    | Got an icy rune of Zot
104880 | Coc:7    | Gained mutation: Scrolls take you a little longer to read. [mutagenic glow]
104935 | Hell     | Gained mutation: You possess an exceptional clarity of mind. [mutagenic glow]
105051 | Hell     | Lost mutation: Scrolls take you a little longer to read. [potion of cure mutation]
105051 | Hell     | Lost mutation: You possess an exceptional clarity of mind. [potion of cure mutation]
105051 | Hell     | Lost mutation: You occasionally shout uncontrollably at your foes. [potion of cure mutation]
105051 | Hell     | Lost mutation: You are occasionally teleported next to monsters. [potion of cure mutation]
105084 | Hell     | Found a gateway to the decaying netherworld of Tartarus.
105094 | Tar:1    | Entered Level 1 of Tartarus
105253 | Tar:2    | Reached skill level 16 in Ice Magic
105289 | Tar:2    | You fall through a shaft!
105305 | Tar:4    | You fall through a shaft!
105514 | Tar:7    | Entered Level 7 of Tartarus
105528 | Tar:7    | Reached skill level 12 in Staves
105730 | Tar:7    | Reached skill level 13 in Staves
106165 | Tar:7    | Noticed Ereshkigal
106165 | Tar:7    | Reached skill level 14 in Staves
106196 | Tar:7    | Killed Ereshkigal
106209 | Tar:7    | Got a bone rune of Zot
106348 | Hell     | Found a gateway to the ashen valley of Gehenna.
106539 | Geh:1    | Entered Level 1 of Gehenna
106654 | Geh:2    | Reached skill level 15 in Staves
107244 | Geh:7    | Entered Level 7 of Gehenna
107253 | Geh:7    | Reached skill level 16 in Staves
107412 | Geh:7    | Noticed the Serpent of Hell
107452 | Geh:7    | Killed the Serpent of Hell
107527 | Geh:7    | Got a wavering jade ring
107528 | Geh:7    | Identified the ring "Xackog" {rElec EV+2} (You found it on level 7 of Gehenna)
107585 | Geh:7    | Reached skill level 17 in Staves
107720 | Geh:7    | Got a clouded marble ring
107722 | Geh:7    | Identified the ring "Ixzukaca" {Ice rPois rN++ Str+5} (You found it on level 7 of Gehenna)
107733 | Geh:7    | Got a steaming turquoise ring
107735 | Geh:7    | Identified the ring "Nuosynax" {rF++ AC+2 Str-2 Int-4 Slay+3} (You found it on level 7 of Gehenna)
107739 | Geh:7    | Got an ancient platinum ring
107741 | Geh:7    | Identified the ring of Jauneecw {Dex+7 SInv} (You found it on level 7 of Gehenna)
108007 | Geh:7    | Noticed Asmodeus
108035 | Geh:7    | Killed Asmodeus
108035 | Geh:7    | Reached skill level 18 in Staves
108088 | Geh:7    | Got an obsidian rune of Zot
108124 | Geh:7    | Gained mutation: You are weak. (Str -2) [mutagenic glow]
108552 | Zot:4    | Lost mutation: You are clumsy. (Dex -2) [potion of cure mutation]
108552 | Zot:4    | Lost mutation: You are weak. (Str -2) [potion of cure mutation]
108552 | Zot:4    | Lost mutation: You have a pair of small horns on your head. [potion of cure mutation]
108666 | Zot:5    | Got the Orb of Zot
109117 | D:12     | Noticed Bilisuil the pandemonium lord
109358 | D:$      | Escaped with the Orb!

Vault maps used:
D:1:      lemuel_arrival_funnel, minivault_5
D:2:      kennysheep_vampire_church
D:3:      serial_undead, serial_undead_a, serial_undead_d, serial_undead_e,
          serial_undead_f, serial_undead_d, serial_undead_e, serial_undead_d,
          trog_hazing_becter, uniq_robin, uniq_iyjb
D:4:      tgw_sif, first_bread, nicolae_dithmenos_through_a_glass_darkly
D:5:      minmay_misc_feat_enclosed, nemelex_altar_shiori, uniq_pikel
D:6:      nicolae_qazlal_style_of_elements, kennysheep_little_box
D:7:      kennysheep_ying_yang, eat_drink_and_be_merry_uskayaw
D:8:      bloody_trog, minitemple
D:9:      grunt_ogre_cave, uniq_maurice, uniq_erica
D:10:     uniq_nergalle
D:11:     minmay_lair_entry_grove, minmay_sticks_and_stones, uniq_harold,
          uniq_grum
D:12:     orc_0_dummy, basic_altar, spider_trap
D:13:     serial_shops, shop
D:14:     grunt_vaults_entry_fortified,
          hangedman_abyss_or_decor_jellyfish_corner, kennysheep_generic_room_13
D:15:     grunt_enter_depths_giant_problem, minivault_25, spider_trap
Lair:1:   guppyfry_lair_drakes, grunt_megastairs_4
Lair:2:   lemuel_slime, minmay_shoals_entry_beasts, minmay_holes, zaba_anthell
Lair:3:   minmay_snake_entry_guardpost_large
Lair:4:   cheibrodos_lair_caveside_slide, minivault_24, minivault_19
Lair:5:   slime_altar_1
Lair:6:   hangedman_lair_caniforms_friends, guppyfry_lair_end_dragon
Shoals:1: portal_ice_cave_entry_pillars_1, serial_shops, shop, uniq_louise,
          uniq_frances
Shoals:2: nicolae_shoals_square_sea_wall, nicolae_shoals_undead_eyrie,
          uniq_kirke
Shoals:3: uniq_nikola
Shoals:4: shoals_end_simple, shoals_ilsuiw_ice, uniq_mara
Snake:1:  serial_shops, shop, serial_bayou_shore_b
Snake:2:  basic_altar, serial_shops, freezing_bzr, serial_bayou_pond_c,
          guppyfry_library_mini, uniq_aizul
Snake:3:  serial_shops, shop, nicolae_snake_lava_pool
Snake:4:  johnstein_snake_rune_scales, serial_bayou_shore_b, lemuel_fruit_tree
Slime:4:  basic_altar
Orc:1:    serial_shops, nicolae_shop_behind_doors
Orc:2:    grunt_orc_gardens, grunt_orc_garden, grunt_orc_garden,
          grunt_orc_garden, grunt_orc_garden, roderic_batcave,
          lemuel_statue_altar, uniq_azrael
Elf:1:    eino_elf_arrival_sip, serial_shops, shop_fountains, shop, shop, shop,
          minivault_28
Elf:2:    mu_enter_wizlab_4
Vaults:1: ontoclasm_vaults_loading_screen, vaults_room_pool, v_rooms_3,
          hangedman_vaults_restitches, dpeg_vaults_monster_row, v_pattern_1
Vaults:2: grunt_vaults_swirl, nicolae_vaults_big_angled_halls,
          nicolae_vaults_big_ls, grunt_vaults_funnel, v_alt_pattern_6,
          enter_trove_0
Vaults:3: v_misc_12, vaults_mumra_minichess, grunt_vaults_twisty, v_misc_13,
          minmay_crypt_entry_simple_corners, ontoclasm_vaults_spin,
          dpeg_vaults_waves, ontoclasm_vaults_claustrophobia, v_alt_pattern_6,
          hangedman_vaults_maws, nicolae_vaults_little_squares_6,
          ontoclasm_vaults_fault, serial_ice_g, uniq_margery
Vaults:4: v_rooms_6, ontoclasm_vaults_ring_small, nicolae_vaults_minivaults,
          nicolae_vaults_yaktaur_gun_rack, hangedman_vaults_snaps,
          hangedman_vaults_hat, v_misc_28, hangedman_vaults_river_flow,
          nicolae_vaults_shelves_hall, nicolae_vaults_little_squares_3,
          nicolae_vaults_diagonal_hallway_7, vaults_mumra_chevron, uniq_sojobo
Vaults:5: serial_shops
Crypt:1:  grunt_crypt_arrival_split
Crypt:2:  minmay_misc_feat_ornament, lemuel_elevator, uniq_boris,
          uniq_saint_roka
Crypt:3:  cryptofortress_bobbens, uniq_bai_suzhen, uniq_boris
Depths:1: rand_demon_pan_entry_8, hell_entry, nicolae_twisting_strands,
          dpeg_stationary_puzzle
Depths:2: minmay_bad_star, serial_shops, bzr_entry_road, hex_medium,
          grunt_hell_horde, infiniplex_staircase_pillars_3b
Depths:3: hangedman_crystal_crosses_colossus, hell_entry, pan_entry,
          abyss_entry, uniq_mennas, uniq_jorgrun, uniq_jory
Depths:4: cross_vault, enter_ziggurat_b, grunt_hell_entry_dis_mu,
          nicolae_abyss_entry_one_way_or_another, corexii_leaking_fountain
Depths:5: grunt_zot_entry_funnels, hell_entry, hangedman_abyss_entry_splay,
          pan_entry
Dis:1:    grunt_megastairs_3
Dis:2:    grunt_megastairs_2, lemuel_elevator
Dis:5:    hangedman_dis_monolith
Dis:7:    iron_city_of_dis
Geh:2:    lemuel_elevator
Geh:3:    gehenna_fire_generator
Geh:7:    evilmike_geh
Coc:7:    coc_mu
Tar:5:    lemuel_elevator
Tar:7:    tar_mu
Zot:1:    regret_index_qazlal_generations
Zot:2:    grunt_deathspiral_small
Zot:3:    st_stairs_10
Zot:4:    kennysheep_six_static_rooms, st_stairs_13
Abyss:2:  minivault_4
Abyss:3:  bh_abyss_exit_choice
Pan:      regret_index_pan_draining_boxed, pan_blood_fountain_2,
          nicolae_pan_gloorx_vloqian_2, evilmike_holy_pan, grunt_pan_zigzag,
          pan_blood_fountain_small, rand_demon_7, pan_blood_fountain_2,
          gloorx_vloq, evilmike_mini_pan_layers, pan_disco_hall,
          pan_blood_fountain, nicolae_pan_lom_lobonic_4, rand_demon_4,
          special_room, pan_blood_fountain, nicolae_pan_mnolegish_3,
          nicolae_pan_door_chamber, rand_demon_8, evilmike_mini_pan_pillars,
          evilmike_mini_pan_doors_b, pan_blood_fountain_small,
          grunt_pan_pentagram, evilmike_mini_pan_pillars_b,
          lemuel_hellion_island, mnoleg_grunt, evilmike_cerebov_lava,
          nicolae_pan_diamonds, lom_lobon_spiral_st
Bazaar:   bazaar_jpeg_honeycomb, bazaar_short_row
IceCv:    ice_cave_caverns_01
WizLab:   wizlab_doroklohe

Skill      XL: |  1  2  3  4  5  6  7  8  9 10 11 12 13 14 15 16 17 18 19 20 21 22 23 24 25 26 27 |
---------------+----------------------------------------------------------------------------------+-----
Fighting       | 2 3 4 5 6 7 10 11 14 18 21 24 | 24.0
Dodging        | 3 8 11 14 15 24 | 24.0
Maces & Flails | 7 12 15 16 | 16.0
Armour         | 5 9 14 16 21 | 21.2
Staves         | 8 11 18 | 18.5
Evocations     | 7 13 | 13.0
Necromancy     | 3 11 13 16 17 | 17.6
Spellcasting   | 3 9 12 13 18 22 | 22.0
Charms         | 7 13 | 13.0
Ice Magic      | 10 16 | 16.1
Translocations | 19 | 19.3
Air Magic      | 9 |  9.8
Stealth        | 15 | 15.6
Short Blades   | 10 | 10.0
Crossbows      | |  1.0
Throwing       | |  1.0
Conjurations   | |  1.0

Action                   |  1- 3 |  4- 6 |  7- 9 | 10-12 | 13-15 | 16-18 | 19-21 | 22-24 | 25-27 || total
-------------------------+-------+-------+-------+-------+-------+-------+-------+-------+-------++-------
Melee: Spear             |    92 |   101 |       |       |       |       |       |       |       ||   193
       Morningstar       |       |    11 |   271 |   886 |  1511 |       |       |       |       ||  2679
       Unarmed           |       |       |     8 |       |       |       |       |       |       ||     8
       Kick              |       |       |       |       |   498 |   839 |   941 |  1344 |  4912 ||  8534
       Lajatang          |       |       |       |       |   332 |  2168 |  2078 |  2742 |  9615 || 16935
       Demon whip        |       |       |       |       |       |       |       |       |   182 ||   182
       Headbutt          |       |       |       |       |       |       |       |       |  1076 ||  1076
       Quick blade       |       |       |       |       |       |       |       |       |    30 ||    30
 Fire: Hand crossbow     |    19 |       |       |       |       |       |       |       |       ||    19
Throw: Throwing net      |       |       |       |       |       |       |       |       |     3 ||     3
 Cast: Regeneration      |       |       |       |       |       |       |       |    20 |   127 ||   147
       Haste             |       |       |       |       |       |       |       |       |   109 ||   109
       Death Channel     |       |       |       |       |       |       |       |       |    37 ||    37
       Passwall          |       |       |       |       |       |       |       |       |     6 ||     6
       Animate Dead      |       |       |       |       |       |       |       |       |     3 ||     3
       Simulacrum        |       |       |       |       |       |       |       |       |   151 ||   151
       Passage of Golubr |       |       |       |       |       |       |       |       |    26 ||    26
       Repel Missiles    |       |       |       |       |       |       |       |       |    14 ||    14
       Freezing Cloud    |       |       |       |       |       |       |       |       |     5 ||     5
       Blink             |       |       |       |       |       |       |       |       |     5 ||     5
       Controlled Blink  |       |       |       |       |       |       |       |       |     4 ||     4
       Song of Slaying   |       |       |       |       |       |       |       |       |     2 ||     2
       Cigotuvi's Embrac |       |       |       |       |       |       |       |       |     2 ||     2
       Apportation       |       |       |       |       |       |       |       |       |     1 ||     1
       Control Undead    |       |       |       |       |       |       |       |       |     1 ||     1
       Swiftness         |       |       |       |       |       |       |       |       |     1 ||     1
Invok: Brand Weapon With |       |       |       |       |       |       |       |     1 |       ||     1
       Receive Corpses   |       |       |       |       |       |       |       |       |    54 ||    54
       Torment           |       |       |       |       |       |       |       |       |     1 ||     1
 Abil: Evoke Flight      |       |       |       |       |       |       |       |     2 |       ||     2
       Evoke Invisibilit |       |       |       |       |       |       |       |       |     1 ||     1
Evoke: Wand              |       |       |       |       |    10 |     4 |     1 |     2 |    30 ||    47
       Lamp of fire      |       |       |       |       |       |     1 |       |       |     4 ||     5
       Box of beasts     |       |       |       |       |       |       |     1 |     2 |     1 ||     4
       Phial of floods   |       |       |       |       |       |       |     1 |       |     5 ||     6
       Disc of storms    |       |       |       |       |       |       |       |     4 |    21 ||    25
       Phantom mirror    |       |       |       |       |       |       |       |       |     1 ||     1
       Sack of spiders   |       |       |       |       |       |       |       |       |     2 ||     2
       Figurine of a zig |       |       |       |       |       |       |       |       |     1 ||     1
  Use: Potion            |       |     1 |       |     1 |    10 |    18 |     5 |     9 |    44 ||    88
       Scroll            |       |       |     5 |     8 |    24 |    27 |    11 |    21 |    88 ||   184
 Stab: Sleeping          |     3 |     2 |     1 |     7 |    13 |       |       |       |    53 ||    79
       Distracted        |       |       |       |     1 |     5 |       |     1 |       |    53 ||    60
       Invisible         |       |       |       |       |     5 |       |       |       |     6 ||    11
       Petrified         |       |       |       |       |    10 |       |       |       |     7 ||    17
       Paralysed         |       |       |       |       |       |       |       |     1 |    14 ||    15
       Confused          |       |       |       |       |       |       |       |       |     7 ||     7
       Held in net/web   |       |       |       |       |       |       |       |       |     3 ||     3
       Petrifying        |       |       |       |       |       |       |       |       |     3 ||     3
  Eat: Chunk             |     3 |     3 |    12 |     9 |    12 |     6 |     1 |     1 |    51 ||    98
       Pizza             |       |     2 |       |     1 |     1 |       |       |     2 |     2 ||     8
       Beef jerky        |       |       |     2 |       |     1 |     3 |     4 |     4 |     4 ||    18
       Fruit             |       |       |     3 |       |     3 |     5 |       |     3 |     3 ||    17
       Meat ration       |       |       |       |     2 |     4 |     3 |     7 |     2 |     9 ||    27
       Bread ration      |       |       |       |     2 |       |       |       |     5 |    31 ||    38
       Royal jelly       |       |       |       |       |     2 |     8 |       |       |     3 ||    13
Armor: Robe              |    24 |     4 |       |   330 |   335 |       |       |       |       ||   693
       Ring mail         |       |    26 |   149 |    39 |       |       |       |       |       ||   214
       Skin              |       |       |     1 |       |       |       |       |       |       ||     1
       Leather armour    |       |       |       |       |    67 |       |       |       |       ||    67
       Plate armour      |       |       |       |       |    25 |  1099 |   818 |   900 |  2740 ||  5582
       Shadow dragon arm |       |       |       |       |       |       |       |       |   933 ||   933
Dodge: Dodged            |    68 |    44 |   185 |  1198 |  1621 |   962 |   744 |  1377 |  5855 || 12054
       Deflected         |       |       |       |       |       |       |       |    38 |   151 ||   189
